 Dungeon Crawl Stone Soup version 0.31-a0-810-ga77100ea1a (webtiles) character file.

Game seed: 14194612664538807451

305915 scionoferis the Messiah (level 21, -4/185 HPs)
             Began as a Hill Orc Monk on Sept 21, 2023.
             Was the Champion of Beogh.
             Slain by an orc knight
             ... wielding a +0 battleaxe
              (20 damage)
             ... on level 1 of the Vaults.
             The game lasted 04:20:08 (56742 turns).

scionoferis the Messiah (Hill Orc Monk)            Turns: 56742, Time: 04:20:09

Health: -4/185     AC: 29    Str: 29    XL:     21   Next: 15%
Magic:  22/34      EV: 14    Int: 12    God:    Beogh [******]
Gold:   3421       SH: 15    Dex: 15    Spells: 13/20 levels left

rFire   + + .        a - +9 broad axe (freeze)
rCold   + + +        N - +2 kite shield {rN+}
rNeg    + + .        E - +7 chain mail of Fuej Hih {+Inv rPois rC+ Str+2}
rPois   +            O - +2 hat
rElec   +            j - scarf {rC+ rF+}
rCorr   .            Y - +2 pair of gloves
SInv    .            o - +2 pair of boots of the Transmuting Gods {rC+ rN+ Int+3}
Will    ++...        A - amulet of the acrobat
Stlth   ++           t - ring of willpower
HPRegen 0.50/turn    X - ring "Leashuc" {rElec rF+ rC+ Str+6 Int-3}
MPRegen 0.24/turn

%: acrobat
@: studying 2 skills
A: walk on water, inability to read after injury 1
}: 2/15 runes: serpentine, barnacled
a: Renounce Religion, Evoke Invisibility, Smiting, Recall Orcish Followers, Give
Item to Named Follower, Resurrection


You were on level 1 of the Vaults.
You worshipped Beogh.
Beogh was exalted by your worship.
You visited 9 branches of the dungeon, and saw 36 of its levels.
You also visited: Ice Cave, Volcano and Wizlab.

You collected 4619 gold pieces.
You spent 1198 gold pieces at shops.


Innate Abilities, Weirdness & Mutations

You can walk on water.
You occasionally lose the ability to read scrolls when taking damage.


   Skills:
 + Level 15.6 Fighting
 - Level 18.0 Axes
 - Level 15.0 Armour
 - Level 10.0 Dodging
 + Level 9.4 Stealth
 - Level 15.0 Shields
 - Level 10.0 Necromancy
 - Level 8.0 Translocations
 + Level 19.3 Invocations
 + Level 12.5 Evocations


You had 13 spell levels left.
You knew the following spells:

 Your Spells              Type           Power      Damage    Failure   Level
a - Apportation           Tloc           38%        N/A       4%          1
b - Animate Dead          Necr           24%        N/A       22%         4
c - Blink                 Tloc           38%        N/A       8%          2

Your spell library contained the following spells:

 Spells                   Type           Power      Damage    Failure   Level
 Necrotise                Necr           96%        1d8       2%          1
 Sublimation of Blood     Necr           24%        N/A       3%          2
 Vampiric Draining        Necr           24%        2d7       6%          3
 Kiss of Death            Conj/Necr      48%        2d9       17%         1
 Dispel Undead            Necr           24%        3d12      22%         4
 Manifold Assault         Tloc           19%        N/A       43%         4
 Cigotuvi's Dreadful Rot  Necr/Pois/Air  14%        N/A       45%         2
 Volatile Blastmotes      Fire/Tloc      18%        2d11      58%         3
 Slow                     Hex            0%         N/A       78%         1
 Summon Small Mammal      Summ           0%         N/A       78%         1
 Anguish                  Hex/Necr       6%         N/A       86%         4
 Ensorcelled Hibernation  Hex/Ice        0%         N/A       89%         2
 Passwall                 Tmut/Erth      0%         N/A       89%         2
 Static Discharge         Conj/Air       0%         2-2/arc   89%         2
 Dimensional Bullseye     Hex/Tloc       4%         N/A       94%         4
 Iskenderun's Mystic Bla  Conj/Tloc      9%         2d4       94%         4
 Vhi's Electric Charge    Tloc/Air       18%        N/A       94%         4
 Death Channel            Necr           12%        N/A       97%         6
 Call Canine Familiar     Summ           0%         N/A       98%         3
 Confusing Touch          Hex            0%         N/A       98%         3
 Hailstorm                Conj/Ice       0%         3d3       98%         3
 Ignite Poison            Fire/Tmut/Pois 0%         N/A       98%         3
 Ozocubu's Armour         Ice            0%         N/A       98%         3
 Sigil of Binding         Hex            0%         N/A       98%         3
 Swiftness                Air            0%         N/A       98%         3
 Tukima's Dance           Hex            0%         N/A       98%         3
 Borgnjor's Vile Clutch   Necr/Erth      6%         N/A       99%         5
 Cause Fear               Hex            0%         N/A       100%        4
 Fulminant Prism          Conj/Hex       0%         3d5       100%        4
 Olgreb's Toxic Radiance  Pois           0%         N/A       100%        4
 Petrify                  Tmut/Erth      0%         N/A       100%        4
 Sticky Flame             Conj/Fire      0%         2d3       100%        4
 Alistair's Intoxication  Tmut/Pois      0%         N/A       100%        5
 Arcjolt                  Conj/Air       0%         1d10      100%        5
 Freezing Cloud           Conj/Ice/Air   0%         6-21      100%        5
 Irradiate                Conj/Tmut      0%         3d11      100%        5
 Metabolic Englaciation   Hex/Ice        0%         N/A       100%        5
 Summon Forest            Summ/Tloc      4%         N/A       100%        5
 Summon Mana Viper        Hex/Summ       0%         N/A       100%        5
 Conjure Ball Lightning   Conj/Air       0%         3x3d6     100%        6
 Eringya's Noxious Bog    Tmut/Pois      0%         4d6       100%        6
 Plasma Beam              Fire/Air       0%         2x1d10    100%        6
 Simulacrum               Ice/Necr       6%         N/A       100%        6
 Summon Cactus Giant      Summ           0%         N/A       100%        6
 Enfeeble                 Hex            0%         N/A       100%        7
 Haunt                    Necr/Summ      6%         N/A       100%        7
 Monstrous Menagerie      Summ           0%         N/A       100%        7
 Summon Hydra             Summ           0%         N/A       100%        7
 Discord                  Hex            0%         N/A       100%        8
 Disjunction              Tloc           9%         N/A       100%        8
 Ignition                 Fire           0%         3d3       100%        8
 Infestation              Necr           12%        N/A       100%        8
 Chain Lightning          Conj/Air       0%         N/A       100%        9
 Dragon's Call            Summ           0%         N/A       100%        9
 Fire Storm               Conj/Fire      0%         5d1       100%        9
 Shatter                  Erth           0%         3d5*      100%        9

Inventory:

Hand Weapons
 a - a +9 broad axe of freezing (weapon)
   (You found it in an ice cave)
 b - the +7 dagger of the Eternal Warrior {pain, +Blink rN+ Int+3 Dex+4}
   (You took it off a deep elf death mage on level 3 of the Elven Halls)

   Int+3:     It affects your intelligence (+3).
   Dex+4:     It affects your dexterity (+4).
   rN+:       It protects you from negative energy.
   +Blink:    It lets you blink.
 m - the +16 obsidian axe {drain, demonic, Mesm Drain Fly SInv}
   (You took it off a deep elf sorcerer on level 3 of the Elven Halls)

   Mesm:      Its wielder is mesmerised by any visible foes, and it cannot be
   unequipped while any foes are visible.
   SInv:      It lets you see invisible.
   Fly:       It grants you flight.
   Drain:     It drains your maximum health when unequipped.
Missiles
 d - 2 throwing nets
 L - 62 poisoned darts (quivered)
 U - 22 curare-tipped darts
Armour
 j - a scarf of resistance (worn)
   (You found it on level 3 of the Elven Halls)
 o - the +2 pair of boots of the Transmuting Gods (worn) {rC+ rN+ Int+3}
   (You found it on level 2 of the Shoals)

   Int+3:     It affects your intelligence (+3).
   rC+:       It protects you from cold.
   rN+:       It protects you from negative energy.
 E - the +7 chain mail of Fuej Hih (worn) {+Inv rPois rC+ Str+2}
   (You took it off a merfolk on level 4 of the Shoals)

   Str+2:     It affects your strength (+2).
   rC+:       It protects you from cold.
   rPois:     It protects you from poison +Inv: It lets you turn invisible.
 N - a +2 kite shield of positive energy (worn)
   (You took it off a naga warrior on level 2 of the Snake Pit)
 O - a +2 hat (worn)
   (You found it on level 9 of the Dungeon)
 Y - a +2 pair of gloves (worn)
   (You bought it in a shop on level 5 of the Dungeon)
Jewellery
 t - a ring of willpower (left hand)
   (You found it on level 3 of the Dungeon)
 y - a ring of willpower
   (You found it on level 1 of the Lair of Beasts)
 A - an amulet of the acrobat (around neck)
   (You found it on level 15 of the Dungeon)
 K - a ring of see invisible
   (You found it on level 2 of the Dungeon)
 X - the ring "Leashuc" (right hand) {rElec rF+ rC+ Str+6 Int-3}
   (You found it in a wizard's laboratory)

   [ring of strength]

   Str+6:     It affects your strength (+6).
   Int-3:     It affects your intelligence (-3).
   rF+:       It protects you from fire.
   rC+:       It protects you from cold.
   rElec:     It insulates you from electricity.
Wands
 i - a wand of light (34)
   (You took it off Ijyb on level 4 of the Dungeon)
 C - a wand of iceblast (42)
   (You found it on level 3 of the Dungeon)
 M - a wand of mindburst (17)
   (You found it on level 10 of the Dungeon)
 R - a wand of digging (18)
   (You found it on level 2 of the Lair of Beasts)
 S - a wand of paralysis (30)
   (You found it on level 10 of the Dungeon)
 W - a wand of flame (35)
   (You found it on level 3 of the Elven Halls)
Scrolls
 c - 3 scrolls of poison
 e - 2 scrolls of revelation
 f - 4 scrolls of fear
 g - 5 scrolls of summoning
 h - 4 scrolls of silence
 w - 6 scrolls of vulnerability
 z - 20 scrolls of teleportation
 B - 6 scrolls of fog
 Q - a scroll of blinking
Potions
 k - 3 potions of haste
 l - 4 potions of cancellation
 n - a potion of magic
 p - 3 potions of attraction
 r - a potion of resistance
 s - 6 potions of enlightenment
 F - 4 potions of heal wounds
 I - 5 potions of mutation
 J - 8 potions of curing
 T - 2 potions of invisibility
 V - 2 potions of might
Miscellaneous
 q - a tin of tremorstones (2/2)
   (You found it on level 13 of the Dungeon)
 D - a phantom mirror
   (You found it on level 13 of the Dungeon)
 H - a box of beasts
   (You found it in an ice cave)

Dungeon Overview and Level Annotations

Branches:
Dungeon (15/15)            Temple (1/1) D:4            Lair (5/5) D:11
 Shoals (4/4) Lair:3        Snake (4/4) Lair:3        Slime (1/5) Lair:5
    Orc (2/2) D:11            Elf (3/3) Orc:2        Vaults (1/5) D:13
 Depths (0/4) D:15          IceCv (visited)         Volcano (visited)
 WizLab (visited)

Altars:
Ashenzari
Cheibriados
Dithmenos
Elyvilon
Fedhas
Gozag
Hepliaklqana
Kikubaaqudgha
Makhleb
Nemelex Xobeh
Okawaru
Qazlal
Ru
Sif Muna
Trog
Uskayaw
Vehumet
Wu Jian
Xom
Yredelemnul
Zin
The Shining One
Beogh
Jiyva
Lugonu

Shops:
D:3 !   D:5 *[   D:10 *   D:13 (   D:15 (   Orc:2 ::(?(   Elf:1 *   Shoals:2 [
Snake:2 *(   Snake:4 (   Vaults:1 =

Portals:
Abyss: Shoals:2

Annotations:
Shoals:2 1 runed translucent door
Elf:2 3 runed translucent doors

#....# #o.# #........###..
#....###oo# #.......##.##.
#....#..### #......##...##
#....#..'o# #.....##.....#
#....####'######.....#.......
#....# #..oo'..#.....#.......
#....# #..###B.#.....#.......
####oo###.....#....... #o@#
#.....'..oo... #o##
#.....##.....#
#..)oo##........##...##
##...###.........##.## #...
#..........### #+++
#.......... #... #..........
#... ....... ....


You could see a boulder beetle, 2 orc knights, the friendly Boderik the orc
warlord, a friendly orc knight (strong), the friendly Jorge the orc knight
(strong) and the friendly Herok the orc priest (strong).


Message History

The blast of flame hits your orc knight!!
You block the vault sentinel's attack.
Herok calls upon Beogh to heal Boderik.
Boderik is healed somewhat.
You slash the vault sentinel! You freeze the vault sentinel.
The vault sentinel is heavily wounded.
You slash the lindwurm! You freeze the lindwurm.
You block the vault sentinel's attack.
The lindwurm bites you but does no damage.
You block the lindwurm's attack. x2
Unknown command.
You slice the vault sentinel!! You freeze the vault sentinel.
You kill the vault sentinel!
Beogh accepts your kill.
You slash the lindwurm! You freeze the lindwurm.
Korbok calls down the wrath of Beogh upon the lindwurm.
The lindwurm is smitten.
The lindwurm dies!
Beogh accepts your kill.
Korbok looks more experienced.
The yaktaur unwields a +0 arbalest.
The yaktaur completely misses you.
Items here: ))) [[ †††.
You slice the yaktaur!! You freeze the yaktaur!
The yaktaur is severely wounded.
Your ynoxinul disappears in a puff of smoke!
Your ufetubus disappears in a puff of smoke! x2
The yaktaur hits you but does no damage.
You slash the yaktaur! You freeze the yaktaur.
You kill the yaktaur!
Beogh accepts your kill.
You swap places.
There is an open door, spattered with blood here.
Things that are here:
a +0 ring mail; a human corpse You swap places.
You swap places.
There is a gate leading back out of this place here.
Beogh accepts your kill.
You feel a bit more experienced.
Korbok no longer looks unusually strong.
Your orc knight no longer looks unusually strong.
Your chaos spawn degenerates into a cloud of primal chaos!
Your red devil disappears in a puff of smoke!
Herok no longer looks unusually strong.
You swap places.
You swap places.
There is a gate leading back out of this place here.
You close the door, pushing everything out of the way.
You see here a human corpse.
You swap places.
There is a gate leading back out of this place here.
You swap places.
You start resting.
HP restored.
What are your orders? t - Shout!
Orders for allies: a - Attack new target. r - Retreat! s - Stop attacking. g - Guard the area. f - Follow me.
Anything else - Cancel.
Follow me!
There is an open door here.
You swap places.
You swap places.
There is an open door here.
There is an open door here.
Korbok says, "Beogh doesn't mind all this killing, you know."
Press: ? - help, v - describe, . - travel
Here: Korbok the orc high priest, wielding a +0 flail and wearing a +0 scale mail (friendly)
The floor.
Unknown command.
You swap places.
You open the door.
There is an open door here.
There is an open door here.
There is an open door here.
There is an open door here.
There is an open door here.
Found a fine scale mail.
You see here the +3 scale mail of Enormous Beauty {Str+5}.
Found a book of Decay.
There is an open door here.
There is an open door here.
You pick up a book of Decay and begin reading...
You add the spell Death Channel to your library.
You swap places.
You swap places.
There is an open door here.
You swap places.
There is an open door here.
There is an open door here.
You open the door.
A dire elephant comes into view.
The dire elephant trumpets!
There is an open door here.
You slash the dire elephant! You freeze the dire elephant.
The dire elephant is lightly wounded.
Your orc knight roars a battlecry!
Your orcs go into a battle-frenzy!
The dire elephant misses you. You block the dire elephant's attack.
You hit the dire elephant but do no damage.
The dire elephant is lightly wounded.
The dire elephant tramples you.
You hold your ground!
You block the dire elephant's attack.
You slice the dire elephant!! You freeze the dire elephant!
The dire elephant is moderately wounded.
Boderik roars a battlecry!
Your orc knight goes into a battle-frenzy!
You hit the dire elephant. You freeze the dire elephant.
The dire elephant is moderately wounded.
You block the dire elephant's attack.
The dire elephant trunk-slaps you but does no damage.
You slash the dire elephant! You freeze the dire elephant.
The dire elephant is heavily wounded.
You block the dire elephant's attack. The dire elephant trunk-slaps you!
You slice the dire elephant!! You freeze the dire elephant!
The dire elephant is almost dead.
Korbok prays to Beogh.
The dire elephant misses you. You block the dire elephant's attack.
You slice the dire elephant!! You freeze the dire elephant.
You kill the dire elephant!
Beogh accepts your kill.
Herok looks more experienced.
Your box of beasts has recharged.
You swap places.
There is an open door here.
You swap places.
There is an open door here.
You swap places.
You swap places.
There is an open door here.
You swap places.
Korbok no longer looks unusually strong.
Herok no longer looks unusually strong.
Boderik no longer looks unusually strong.
Your orc knight no longer looks unusually strong.
Your soul eater disappears in a puff of smoke!
You open the door.
Found a scroll of fear.
There is an open door here.
Found 21 gold pieces.
f - 4 scrolls of fear (gained 1)
You now have 3404 gold pieces (gained 21).
You open the door.
There is an open door here.
You swap places.
There is an open door here.
You swap places.
Found 3 potions of attraction.
p - 3 potions of attraction You swap places.
You swap places.
You swap places.
You open the door.
Found a scroll of teleportation.
There is an open door here.
z - 20 scrolls of teleportation (gained 1)
You swap places.
You swap places.
There is an open door here.
Korbok says, "Your appearance changed my life!"
Found a war axe.
You open the door.
A slime creature comes into view.
Found a scroll of identify.
The slime creature quivers.
There is an open door here.
Boderik roars a battlecry!
Your orc knight goes into a battle-frenzy!
You see here a scroll of identify.
You open the slime creature like a pillowcase!!!
You freeze the slime creature!!
You kill the slime creature!
Beogh accepts your kill.
Found a stone staircase leading down. 2 slime creatures come into view.
Found a stone staircase leading down.
The slime creature quivers.
The slime creature hits you!
The slime creature quivers.
The slime creature barely misses you.
The slime creature hits you but does no damage.
You slice the slime creature!! You freeze the slime creature.
The slime creature is heavily wounded.
You slice the slime creature!! You freeze the slime creature!
The slime creature hits you but does no damage.
You block the slime creature's attack.
Your orc knight roars a battlecry!
Boderik goes into a battle-frenzy!
You hit the slime creature. You freeze the slime creature.
The slime creature is heavily wounded.
You hit the slime creature. You freeze the slime creature.
You block the slime creature's attack.
Your orc knight hits the slime creature with a +0 flail!!
The slime creature hits you but does no damage.
You slice the slime creature!! You freeze the slime creature.
The slime creature is almost dead.
You slash the slime creature! You freeze the slime creature.
You kill the slime creature!
Beogh accepts your kill. You block the slime creature's attack.
You barely miss the slime creature.
The slime creature is almost dead.
You slash the slime creature! You freeze the slime creature.
You kill the slime creature!
Beogh accepts your kill.
There is a stone staircase leading down here.
Korbok no longer looks unusually strong.
Your orc knight no longer looks unusually strong.
As you open the large door, it creaks loudly!
Herok no longer looks unusually strong.
There is a large open door here.
Boderik no longer looks unusually strong.
You open the door.
There is an open door here.
You open the door.
There is an open door here.
You swap places.
You swap places.
There is an open door here.
There is an open door here.
Found a storm talisman.
You see here a storm talisman.
A boulder beetle comes into view.
A boulder beetle is nearby!
Boderik roars a battlecry!
Your orcs go into a battle-frenzy!
Herok looks braver for a moment.
You block the boulder beetle's attack.
Your orc knight roars a battlecry!
Your orcs go into a battle-frenzy!
You slash the boulder beetle! You freeze the boulder beetle.
The boulder beetle is moderately wounded.
The boulder beetle bites you.
You slash the boulder beetle! You freeze the boulder beetle!
The boulder beetle is severely wounded.
The boulder beetle bites you but does no damage.
Your orc knight hits the boulder beetle with a +0 flail!
You slash the boulder beetle! You freeze the boulder beetle.
The boulder beetle is almost dead.
You hit the boulder beetle but do no damage.
The boulder beetle is almost dead.
The boulder beetle bites you.
You slice the boulder beetle!! You freeze the boulder beetle.
You kill the boulder beetle!
Beogh accepts your kill.
Herok no longer looks unusually strong.
Your orc knight no longer looks unusually strong.
Your orc knight no longer looks unusually strong.
Boderik no longer looks unusually strong.
Korbok no longer looks unusually strong.
You open the door. 4 deep trolls come into view.
The deep troll shouts! x2; You hear a shout!
The deep troll bites Herok!
The deep troll claws Herok.
The deep troll claws Herok but does no damage.
An ironbound preserver comes into view. It is wielding a +0 flail.
The deep troll moves out of view.
You swap places.
A deep troll comes into view.
Your orc knight roars a battlecry!
Your orcs go into a battle-frenzy!
You block the deep troll's attack. x2; The deep troll misses you.
The ironbound preserver casts a spell.
The ironbound preserver begins to accept its allies' injuries.
There is an open door, spattered with blood here.
You hit the deep troll. You freeze the deep troll.
The deep troll is lightly wounded.
You block the deep troll's attack. The deep troll closely misses you.
The deep troll claws you but does no damage.
You barely miss the deep troll.
The deep troll is lightly wounded.
Boderik roars a battlecry!
Your orc knight goes into a battle-frenzy!
You hit the deep troll. You freeze the deep troll.
The deep troll is lightly wounded.
The deep troll bites you. The deep troll claws you!
The deep troll claws you but does no damage.
You hit the deep troll. You freeze the deep troll.
The deep troll is lightly wounded.
The deep troll closely misses you.
The deep troll claws you but does no damage. x2
You slash the deep troll! You freeze the deep troll.
The deep troll is moderately wounded.
You hit the deep troll but do no damage.
You block the deep troll's attack.
The deep troll claws you but does no damage. x2
The deep troll barely misses you. You block the deep troll's attack.
The deep troll claws you but does no damage.
You hit the deep troll. You freeze the deep troll.
The deep troll is moderately wounded.
You closely miss the deep troll. You slash the deep troll!
You freeze the deep troll.
The deep troll is moderately wounded.
You slash the deep troll! You freeze the deep troll.
You block the deep troll's attack. x2
The deep troll claws you but does no damage.
The deep troll bites you but does no damage.
You block the deep troll's attack. The deep troll claws you.
You slice the deep troll!! You freeze the deep troll.
The deep troll is heavily wounded.
You barely miss the deep troll. You block the deep troll's attack.
The deep troll misses you. You block the deep troll's attack.
The deep troll bites you! The deep troll claws you. x2
You closely miss the deep troll.
The deep troll is heavily wounded.
You slash the deep troll! You freeze the deep troll.
The deep troll bites you but does no damage.
The deep troll claws you but does no damage.
You block the deep troll's attack. The deep troll bites you!
You block the deep troll's attack. The deep troll barely misses you.
You closely miss the deep troll.
The deep troll is heavily wounded.
You slash the deep troll! You freeze the deep troll.
You completely miss the deep troll.
The deep troll is heavily wounded.
You hit the deep troll. You freeze the deep troll.
You block the deep troll's attack. The deep troll barely misses you.
You block the deep troll's attack. x2; The deep troll barely misses you.
The deep troll claws you!
You slash the deep troll! You freeze the deep troll.
The deep troll is severely wounded.
You slice the deep troll!! You freeze the deep troll.
You kill the deep troll!
Beogh accepts your kill.
Korbok prays to Beogh.
You block the deep troll's attack. x3
You hit the deep troll. You freeze the deep troll.
The deep troll is lightly wounded.
You slash the deep troll! You freeze the deep troll.
Herok calls down the wrath of Beogh upon the deep troll.
The deep troll is smitten.
The deep troll dies!
Beogh accepts your kill.
Herok looks more experienced.
Korbok mumbles some strange prayers to Beogh.
The deep troll bites you but does no damage.
You block the deep troll's attack.
The deep troll claws you but does no damage.
You have reached level 21!
Your experience leads to an increase in your attributes!
Your base attributes are Str 21, Int 10, Dex 15.
Increase (S)trength, (I)ntelligence, or (D)exterity?
You feel clever. x2
You slice the deep troll!! You freeze the deep troll.
The deep troll is severely wounded.
You barely miss the deep troll. You hit the deep troll.
You freeze the deep troll.
The deep troll is severely wounded.
You slice the deep troll!! You freeze the deep troll.
Korbok invokes the aid of Beogh against the deep troll.
The deep troll is smitten.
The deep troll bites you but does no damage.
You block the deep troll's attack. x2
The deep troll bites you but does no damage.
The deep troll claws you but does no damage.
You block the deep troll's attack.
You barely miss the deep troll.
The deep troll is almost dead.
You slice the deep troll!! You freeze the deep troll.
Boderik no longer looks unusually strong.
You block the deep troll's attack. The deep troll claws you!
The deep troll closely misses you. The deep troll barely misses you.
You block the deep troll's attack. The deep troll claws you.
You slice the deep troll!! You freeze the deep troll.
You kill the deep troll!
Beogh accepts your kill.
You slash the deep troll! You freeze the deep troll.
Korbok mumbles some strange prayers to Beogh.
You block the deep troll's attack. The deep troll completely misses you.
You block the deep troll's attack.
You slice the deep troll!! You freeze the deep troll.
You kill the deep troll!
Beogh accepts your kill.
You barely miss the deep troll.
Your ice devil disappears in a puff of smoke!
Your hellwing swoops through the air toward the deep troll!
Your hellwing hits the deep troll! Your hellwing hits the deep troll.
You slash the deep troll! You freeze the deep troll.
The deep troll is severely wounded.
The deep troll bites you but does no damage.
The deep troll claws you but does no damage.
The deep troll claws you.
Your hellwing hits the deep troll! Your hellwing hits the deep troll.
You slash the deep troll! You freeze the deep troll.
You kill the deep troll!
Beogh accepts your kill.
You hit the ironbound preserver. You freeze the ironbound preserver.
The ironbound preserver hits you but does no damage.
Your hellwing hits the ironbound preserver.
Your hellwing hits the ironbound preserver but does no damage.
You hit the ironbound preserver. You freeze the ironbound preserver.
The ironbound preserver is heavily wounded.
Korbok no longer looks unusually strong.
Herok no longer looks unusually strong.
The ironbound preserver barely misses you.
You barely miss the ironbound preserver.
The ironbound preserver is heavily wounded.
Your hellwing hits the ironbound preserver!
Your hellwing hits the ironbound preserver.
You slice the ironbound preserver!! You freeze the ironbound preserver.
The ironbound preserver is almost dead.
The ironbound preserver closely misses you.
Your hellwing hits the ironbound preserver.
Your hellwing barely misses the ironbound preserver.
You slash the ironbound preserver! You freeze the ironbound preserver.
You kill the ironbound preserver!
Beogh accepts your kill.
Your orc knight looks more experienced.
You start resting.
Your orc knight no longer looks unusually strong. x2
Your soul eater disappears in a puff of smoke!
Your hellwing disappears in a puff of smoke!
Your rust devil disappears in a puff of smoke!
HP restored.
Things that are here:
a deep troll corpse; a deep troll corpse You swap places.
Things that are here:
a +0 flail; a +0 ring mail
There is an open door, spattered with blood here.
You swap places.
You swap places.
You open the door.
Found Woraar's Jewellery Emporium.
There is an open door here.
There is an entrance to Woraar's Jewellery Emporium here.
Unknown command.
You swap places.
You swap places.
There is an entrance to Woraar's Jewellery Emporium here.
You swap places.
You swap places.
There is an open door here.
Found 17 gold pieces.
An ironbound frostheart comes into view.
The ironbound frostheart shouts!
You hear a shout!
Your orc knight roars a battlecry!
Your orcs go into a battle-frenzy!
Boderik roars a battlecry!
Your orc knight goes into a battle-frenzy!
A vault sentinel comes into view. It is wielding a +0 long sword.
The vault sentinel shouts!
Korbok prays to Beogh.
The vault sentinel blows a loud note on a signal horn!
The ironbound frostheart closely misses you.
You hear a shout!
You hit the ironbound frostheart.
The ironbound frostheart is lightly wounded.
You block the ironbound frostheart's attack.
The vault sentinel casts a spell at you.
You struggle to resist.
You slice the ironbound frostheart!! You freeze the ironbound frostheart.
The ironbound frostheart is heavily wounded.
Korbok mumbles some strange prayers to Beogh.
You closely miss the ironbound frostheart.
The ironbound frostheart is heavily wounded.
The vault sentinel casts a spell at you.
You struggle to resist.
The ironbound frostheart touches you! The ironbound frostheart freezes you.
You resist.
You hit the ironbound frostheart.
The ironbound frostheart is heavily wounded.
Your orange demon stings the ironbound frostheart from afar.
The ironbound frostheart looks as sick as possible!
Your orange demon poisons the ironbound frostheart!
The ironbound frostheart touches you but does no damage.
The vault sentinel gestures at you while chanting.
A sentinel's mark forms upon you.
You barely miss the ironbound frostheart.
The ironbound frostheart is heavily wounded.
Your orange demon stings the ironbound frostheart but does no damage.
Korbok utters an invocation to Beogh.
The ironbound frostheart barely misses Korbok.
Your orc knight hits the ironbound frostheart with a +0 flail!
You barely miss the ironbound frostheart.
The ironbound frostheart is severely wounded.
Your orange demon stings the ironbound frostheart from afar.
The ironbound frostheart looks as sick as possible!
Your orange demon poisons the ironbound frostheart!
Korbok hits the ironbound frostheart with a +0 flail.
The vault sentinel blows a loud note on a signal horn!
The ironbound frostheart touches Korbok!
The ironbound frostheart freezes Korbok!!
Your orc knight barely misses the ironbound frostheart.
You strike the helpless ironbound frostheart from behind!
You slice the ironbound frostheart like a ripe choko!!!
You kill the ironbound frostheart!
Beogh accepts your kill.
Your hellwing swoops through the air toward the vault sentinel!
Your hellwing misses the vault sentinel.
Your hellwing hits the vault sentinel but does no damage.
Your Stealth skill increases to level 9!
You swap places.
You see here a +0 scale mail.
The vault sentinel hits Korbok with a +0 long sword!
Your hellwing closely misses the vault sentinel. x2
Korbok hits the vault sentinel with a +0 flail!
Your soul eater hits the vault sentinel!
You barely miss the vault sentinel.
The vault sentinel is heavily wounded.
Your orange demon stings the vault sentinel from afar.
Korbok mumbles some strange prayers to Beogh against the vault sentinel.
The vault sentinel is smitten.
The vault sentinel hits Korbok with a +0 long sword!!
Korbok dies!
Your soul eater disappears in a puff of smoke!
Your orange demon disappears in a puff of smoke!
Your hellwing disappears in a puff of smoke!
The vault sentinel shouts!
You completely miss the vault sentinel.
The vault sentinel is almost dead.
The vault sentinel hits you but does no damage.
Boderik completely misses the vault sentinel.
You hit the vault sentinel but do no damage.
The vault sentinel is almost dead.
Herok hits the vault sentinel but does no damage.
You block the vault sentinel's attack.
An ironbound convoker comes into view. It is wielding a +0 morningstar.
You slice the vault sentinel!! You freeze the vault sentinel.
You kill the vault sentinel!
Beogh accepts your kill.
Boderik no longer looks unusually strong.
Your orc knight no longer looks unusually strong.
The ironbound convoker casts a spell at something.
Boderik roars a battlecry!
Your orc knight goes into a battle-frenzy!
You swap places.
A dire elephant comes into view. x2
Your orc knight roars a battlecry!
Boderik goes into a battle-frenzy!
A dire elephant comes into view.
You swap places.
A dire elephant comes into view.
Herok no longer looks unusually strong.
Your orc knight no longer looks unusually strong.
The ironbound convoker misses you.
Your orc knight roars a battlecry!
Your orcs go into a battle-frenzy!
You slice the ironbound convoker!! You freeze the ironbound convoker!
The ironbound convoker is severely wounded.
The ironbound convoker barely misses you.
You slice the ironbound convoker!! You freeze the ironbound convoker.
You kill the ironbound convoker!
Beogh accepts your kill.
The dire elephant tramples Boderik but does no damage.
The dire elephant trunk-slaps Boderik but does no damage.
The dire elephant tramples Boderik!!
Boderik holds its ground!
The dire elephant closely misses Boderik.
You swap places.
The dire elephant misses you.
The dire elephant completely misses you.
The dire elephant tramples Boderik.
Boderik holds its ground!
The dire elephant trunk-slaps Boderik but does no damage.
Things that are here:
a +0 morningstar; a +0 scale mail; a human corpse You slash the dire elephant!
You freeze the dire elephant.
The dire elephant is lightly wounded.
You slash the dire elephant! You freeze the dire elephant.
You hit the dire elephant but do no damage.
The dire elephant tramples you but does no damage.
The dire elephant trunk-slaps you but does no damage.
The dire elephant barely misses Boderik.
The dire elephant trunk-slaps Boderik!
The dire elephant tramples you!
You hold your ground!
You block the dire elephant's attack.
You slash the dire elephant! You freeze the dire elephant.
The dire elephant is moderately wounded.
You slash the dire elephant! You freeze the dire elephant.
You hit the dire elephant but do no damage.
Unknown command.
You slice the dire elephant!! You freeze the dire elephant!
The dire elephant is severely wounded.
You hit the dire elephant. You freeze the dire elephant.
You slash the dire elephant! You freeze the dire elephant.
The dire elephant misses you.
You block the dire elephant's attack. x3
Herok hits the dire elephant but does no damage.
Your orc knight hits the dire elephant with a +0 long sword!!
You hit the dire elephant. You freeze the dire elephant.
The dire elephant is almost dead.
You slash the dire elephant! You freeze the dire elephant.
You slice the dire elephant!! You freeze the dire elephant!
Boderik barely misses the dire elephant.
Boderik hits the dire elephant with a +1 heavy war axe!!
The dire elephant dies!
Beogh accepts your kill.
Boderik looks more experienced.
You block the dire elephant's attack.
The dire elephant trunk-slaps you but does no damage.
Your orc knight hits the dire elephant with a +0 flail.
The dire elephant tramples your orc knight.
Your orc knight holds its ground!
The dire elephant trunk-slaps your orc knight but does no damage.
The dire elephant tramples you but does no damage.
You block the dire elephant's attack.
You slash the dire elephant! You freeze the dire elephant.
The dire elephant is heavily wounded.
You hit the dire elephant. You freeze the dire elephant.
Your orc knight hits the dire elephant with a +0 long sword!!
The dire elephant barely misses your orc knight.
The dire elephant trunk-slaps your orc knight but does no damage.
The dire elephant tramples you but does no damage.
You block the dire elephant's attack. x2; The dire elephant barely misses you.
Your orc knight hits the dire elephant with a +0 flail!
You slice the dire elephant!! You freeze the dire elephant.
The dire elephant is almost dead.
You slash the dire elephant! You freeze the dire elephant.
Boderik hits the dire elephant with a +1 heavy war axe!!
The dire elephant dies!
Beogh accepts your kill.
Unknown command.
You swap places.
You block the dire elephant's attack. x2
The dire elephant tramples you!
You hold your ground!
The dire elephant misses you.
Unknown command.
You slash the dire elephant! You freeze the dire elephant!
The dire elephant is moderately wounded.
You hit the dire elephant. You freeze the dire elephant.
The dire elephant tramples you!!
You hold your ground!
You block the dire elephant's attack. The dire elephant tramples you.
You hold your ground!
You block the dire elephant's attack.
Herok invokes the aid of Beogh against the dire elephant.
The dire elephant is smitten.
You slash the dire elephant! You freeze the dire elephant.
The dire elephant is heavily wounded.
You slash the dire elephant! You freeze the dire elephant.
Boderik hits the dire elephant with a +1 heavy war axe!!!
The dire elephant tramples you!
You hold your ground!
You block the dire elephant's attack.
The dire elephant tramples you but does no damage.
The dire elephant trunk-slaps you but does no damage.
Your orc knight hits the dire elephant with a +0 flail.
You hit the dire elephant but do no damage.
The dire elephant is almost dead.
You hit the dire elephant but do no damage.
The dire elephant tramples you but does no damage.
The dire elephant barely misses you.
Your orc knight hits the dire elephant with a +0 flail!
The dire elephant completely misses you.
You block the dire elephant's attack.
You hit the dire elephant. You freeze the dire elephant.
You kill the dire elephant!
Beogh accepts your kill.
You barely miss the dire elephant.
Herok barely misses the dire elephant.
Unknown command.
You slice the dire elephant!! You freeze the dire elephant.
You kill the dire elephant!
Beogh accepts your kill.
Your orc knight looks more experienced.
Herok looks more experienced.
Boderik no longer looks unusually strong.
Your orc knight no longer looks unusually strong.
Things that are here:
a +0 morningstar; a +0 scale mail; a human corpse Your orc knight no longer looks unusually strong.
Herok no longer looks unusually strong.
Things that are here:
a +0 flail; a +0 scale mail
Things that are here:
a +0 long sword; a +0 scale mail You now have 3421 gold pieces (gained 17).
You swap places.
Things that are here:
a +0 flail; a +0 scale mail
Things that are here:
a +0 long sword; a +0 scale mail You swap places.
You start resting.
Your orc knight shouts, "I'm proud to serve; I'm ready to die."
The sentinel's mark upon you fades away.
You start resting.
Your orc knight curses noisily.
Herok repeatedly roars encouragement to no one in particular.
HP restored.
Press: ? - help, v - describe, . - travel
Here: Boderik the orc warlord, wielding a +1 heavy war axe and wearing a +0 chain mail (friendly)
The floor.
Unknown command.
Press: ? - help, v - describe, . - travel
Here: an orc knight, wielding a +0 flail and wearing a +0 chain mail (friendly)
The floor.
Press: ? - help, v - describe, . - travel
Here: an orc knight, wielding a +0 long sword and wearing a +0 plate armour (friendly)
The floor.
l - 4 potions of cancellation (gained 1)
There is a large open door here.
You open the door.
There is an open door here.
You open the door.
You swap places.
There is an open door here.
You open the door.
There is an open door here.
You open the door.
There is an open door here.
You open the door. 3 orc knights, a yaktaur captain and a vault warden come into view.
The vault warden is wielding a +1 war axe of flaming.
The orc knight shouts! x2; The vault warden shouts!
You hear a shout!
The yaktaur captain shouts!
The orc knight shouts!
You hear a shout!
The yaktaur captain wields a +0 arbalest.
The yaktaur captain shoots a bolt.
The bolt hits you but does no damage.
A vault warden opens the gate.
Boderik roars a battlecry!
Your orc knight goes into a battle-frenzy!
The orc knight moves out of view.
A harpy comes into view.
The harpy screeches!
You hear a screech!
An orc warlord and a harpy come into view.
The orc warlord is wielding a +1 broad axe and wearing a +1 kite shield of protection.
A boulder beetle and 2 harpies come into view.
The harpy screeches!
The yaktaur captain unwields a +0 arbalest.
You block the yaktaur captain's attack.
There is an open door here.
You slice the vault warden!! You freeze the vault warden.
The vault warden is moderately wounded.
You slash the yaktaur captain! You freeze the yaktaur captain.
The vault warden hits you with a +1 war axe of flaming!
The orc knight roars a battlecry!
The orcs go into a battle-frenzy!
The boulder beetle curls into a ball and begins rolling!
The vault warden activates a sealing rune.
The orc warlord roars a battlecry!
The orc knight goes into a battle-frenzy!
You block the yaktaur captain's attack.
You slash the vault warden! You freeze the vault warden.
The vault warden is heavily wounded.
You slice the yaktaur captain!! You freeze the yaktaur captain.
You block the vault warden's attack.
Unknown command.
You slash the vault warden! You freeze the vault warden.
The vault warden is severely wounded.
You slash the yaktaur captain! You freeze the yaktaur captain.
You block the yaktaur captain's attack.
Unknown command.
You hit the vault warden. You freeze the vault warden.
The vault warden is severely wounded.
You slice the yaktaur captain!! You freeze the yaktaur captain!
You kill the yaktaur captain!
Beogh accepts your kill.
The boulder beetle stops rolling and uncurls.
The vault warden hits you with a +1 war axe of flaming!!
Your orc knight roars a battlecry!
Boderik goes into a battle-frenzy!
You closely miss the vault warden.
The vault warden is severely wounded.
You slash the orc knight! You freeze the orc knight.
You block the vault warden's attack.
The orc knight hits you with a +0 great mace!!
Unknown command.
You closely miss the vault warden.
The vault warden is severely wounded.
You hit the orc knight. You freeze the orc knight.
You block the orc knight's attack.
The vault warden hits you with a +1 war axe of flaming.
Unknown command.
You hit the vault warden but do no damage.
The vault warden is severely wounded.
You hit the orc knight. You freeze the orc knight.
Unknown command.
You slash the vault warden! You freeze the vault warden.
The vault warden is almost dead.
You barely miss the orc knight.
The vault warden hits you but does no damage.
The orc knight hits you with a +0 great mace!
Unknown command.
You slice the vault warden!! You freeze the vault warden.
You kill the vault warden!
Beogh accepts your kill.
You hit the orc knight. You freeze the orc knight.
You block the orc knight's attack.
The vault warden activates a sealing rune.
A door slams shut!
Herok shouts, "Blood in Beogh's name!"
The harpy claws you but does no damage. You block the harpy's attack.
You slash the harpy! You freeze the harpy.
The harpy is heavily wounded.
You slice the orc knight!! You freeze the orc knight!
You block the harpy's attack. The harpy claws you but does no damage.
You block the harpy's attack. The harpy claws you but does no damage.
Unknown command.
You slice the orc warlord!! You freeze the orc warlord!
The orc warlord is heavily wounded.
You hit the harpy. You freeze the harpy.
The boulder beetle leaps!
Unknown command.
You hit the orc warlord. You freeze the orc warlord.
The orc warlord is heavily wounded.
You hit the harpy but do no damage. You block the harpy's attack. x2
Unknown command.
The orc warlord blocks your attack.
The orc warlord is heavily wounded.
You barely miss the harpy. You block the harpy's attack.
The harpy completely misses you.
The orc warlord hits you with a +1 broad axe!
Unknown command.
The orc warlord blocks your attack.
The orc warlord is heavily wounded.
You slash the harpy! You freeze the harpy.
You kill the harpy!
Beogh accepts your kill.
Herok no longer looks unusually strong.
The orc warlord hits you but does no damage.
The boulder beetle closely misses your orc knight.
You hit the orc warlord but do no damage.
The orc warlord is heavily wounded.
You slice the harpy!! You freeze the harpy. You block the harpy's attack. x2
The harpy claws you but does no damage. You block the harpy's attack.
Boderik roars a battlecry!
Herok goes into a battle-frenzy!
Unknown command.
The orc warlord blocks your attack.
The orc warlord is heavily wounded.
You slash the harpy! You freeze the harpy.
Your orc knight no longer looks unusually strong. x2
You block the harpy's attack. The harpy claws you but does no damage.
The orc warlord hits you with a +1 broad axe!!
The boulder beetle bites your orc knight.
Boderik roars a battlecry!
Your orc knights go into a battle-frenzy!
The orc warlord blocks your attack.
The orc warlord is heavily wounded.
You closely miss the harpy.
The orc knight no longer looks unusually strong.
The harpy barely misses you. The harpy closely misses you.
The boulder beetle leaps!
The orc warlord roars a battlecry!
The orc knight goes into a battle-frenzy!
Aiming: Bolt of Light
Press: ? - help, Shift-Dir - straight line, f - orc knight
Aim: an orc knight, wielding a +3 great mace and wearing a +0 chain mail (strong, 73% to hit)
The bolt of light hits the orc warlord!!
The orc warlord is severely wounded.
The orc warlord is blinded.
The bolt of light hits the orc knight!
The orc knight raises its hands in surrender.
It yells, "Beogh is my god, I swear it!"
The bolt of light hits the orc knight!
The orc knight is lightly wounded.
The orc knight is blinded.
You block the harpy's attack. x2
The harpy claws your orc knight but does no damage.
The harpy claws your orc knight.
The harpy closely misses your orc knight.
The harpy claws your orc knight but does no damage.
The harpy claws your orc knight!
Your orc knight dies!
The orc knight unwields a +3 great mace.
The orc knight wields a +0 arbalest.
The orc knight shoots a bolt.
The bolt misses the harpy.
The bolt hits the orc warlord but does no damage.
The boulder beetle curls into a ball and begins rolling!
The orc warlord hits you with a +1 broad axe!
* * * LOW HITPOINT WARNING * * *
The vault warden activates a sealing rune.
The orc warlord blocks your attack.
You strike the helpless orc warlord from behind!
You cut the orc warlord into ribbons!!! You freeze the orc warlord!
You kill the orc warlord!
Beogh accepts your kill.
You closely miss the harpy. You block the harpy's attack.
The harpy claws you but does no damage. The harpy completely misses you.
You block the harpy's attack.
You slash the harpy! You freeze the harpy.
The harpy is moderately wounded.
You slice the harpy!! You freeze the harpy.
You kill the harpy!
Beogh accepts your kill. The harpy claws you but does no damage.
You block the harpy's attack.
The boulder beetle stops rolling and uncurls.
You slash the harpy! You freeze the harpy.
The harpy is heavily wounded.
You hit the harpy. You freeze the harpy.
The harpy claws you but does no damage. The harpy claws you.
* * * LOW HITPOINT WARNING * * *
The harpy claws you but does no damage. The harpy claws you.
* * * LOW HITPOINT WARNING * * *
The harpy claws you but does no damage. You block the harpy's attack.
You completely miss the harpy.
The harpy is heavily wounded.
You slice the harpy!! You freeze the harpy.
You kill the harpy!
Beogh accepts your kill.
Boderik no longer looks unusually strong.
You block the harpy's attack. The harpy misses you.
The orc knight shoots a bolt.
The bolt closely misses the harpy.
You block the bolt.
You closely miss the harpy.
The harpy is heavily wounded.
You hit the vault warden. You freeze the vault warden. The harpy claws you!
* * * LOW HITPOINT WARNING * * *
The harpy misses you. The harpy barely misses you.
You block the harpy's attack. You block the vault warden's attack.
Unknown command.
You slice the vault warden!! You freeze the vault warden.
The vault warden is moderately wounded.
You closely miss the harpy. You block the harpy's attack. x2
Unknown command.
You slash the vault warden! You freeze the vault warden.
The vault warden is heavily wounded.
You block the vault warden's attack.
The orc knight shoots a bolt.
The bolt hits the boulder beetle but does no damage.
Unknown command.
You barely miss the vault warden.
The vault warden is heavily wounded.
You completely miss the harpy.
The runic seals fade away.
The orc knight no longer looks unusually strong.
The harpy barely misses you. You block the harpy's attack.
The vault warden activates a sealing rune.
Unknown command.
You hit the vault warden. You freeze the vault warden.
The vault warden is heavily wounded.
You slash the harpy! You freeze the harpy. You block the harpy's attack. x2
The harpy misses you. x2
The vault warden hits you with a +3 great sword of venom!!
* * * LOW HITPOINT WARNING * * *
You are lethally poisoned!
You feel much better.
* * * LOW HITPOINT WARNING * * *
You feel extremely sick. The harpy claws you but does no damage.
You block the harpy's attack.
The vault warden hits you with a +3 great sword of venom.
* * * LOW HITPOINT WARNING * * *
Unknown command.
You swap places.
* * * LOW HITPOINT WARNING * * *
You feel extremely sick.
The orc knight is no longer blind.
The harpy barely misses your orc knight. x2
The harpy claws your orc knight but does no damage.
The harpy claws your orc knight!
Your orc knight barely misses the vault warden.
The vault warden hits your orc knight with a +3 great sword of venom!
You feel better. The harpy claws your orc knight.
The harpy closely misses your orc knight.
The harpy claws your orc knight!
The harpy closely misses your orc knight.
The vault warden unwields a +3 great sword of venom.
It stops dripping with poison.
The vault warden wields a +0 arbalest.
The vault warden shoots a bolt.
The bolt hits Boderik!!!
The harpy claws Boderik!
The harpy barely misses Boderik.
Aiming: Smiting
Press: ? - help, Dir - move target, f - vault warden, p - orc knight Smite: a vault warden, wielding a +0 arbalest and wearing a +0 chain mail (heavily wounded)
You smite the vault warden!!!
You kill the vault warden!
Beogh accepts your kill.
The runic seals fade away.
Herok no longer looks unusually strong.
The harpy claws Boderik!
The harpy claws Boderik but does no damage.
The boulder beetle leaps!
Unknown command.
Press: ? - help, v - describe, . - travel
Here: Herok the orc priest, wielding a +0 flail and wearing a +0 ring mail (friendly)
The floor, spattered with blood.
Unknown command.
Aiming: Smiting
Press: ? - help, Dir - move target, f - boulder beetle Smite: a boulder beetle
Okay, then.
Unknown command.
Press: ? - help, v - describe, . - travel
Here: a boulder beetle The floor.
Press: ? - help, v - describe, . - travel, g - get item
Here: a harpy (almost dead, ally target)
Items here: ))) [[ †.
The floor, spattered with blood.
Unknown command.
Unknown command.
Press: ? - help, v - describe, . - travel, g - get item
Here: an orc knight, wielding a +0 battleaxe and wearing a +0 chain mail
Items here: )) [[ †.
The floor, spattered with blood.
Unknown command.
Aiming: Smiting
Press: ? - help, Dir - move target, f - harpy Smite: a harpy (almost dead, ally target)
You smite the harpy!!
You kill the harpy!
Beogh accepts your kill.
Beogh blesses Jorge with healing.
Boderik roars a battlecry!
Herok goes into a battle-frenzy!
The orc knight roars a battlecry!
The orc knight goes into a battle-frenzy!
The boulder beetle curls into a ball and begins rolling!
The orc knight hits Boderik with a +0 battleaxe!!
Aiming: Smiting
Press: ? - help, Dir - move target, f - boulder beetle Smite: a boulder beetle (rolling)
You smite the boulder beetle!!
The boulder beetle is heavily wounded.
The boulder beetle hits Herok!!!
The boulder beetle stops rolling and uncurls.
Jorge hits the orc knight with a +0 flail!!!
Aiming: Smiting
Press: ? - help, Dir - move target, f/p - boulder beetle Smite: a boulder beetle (heavily wounded)
You smite the boulder beetle!!!
The boulder beetle is almost dead.
Boderik barely misses the orc knight.
The boulder beetle barely misses Herok.
The orc knight barely misses Jorge.
The orc knight hits you with a +0 battleaxe!!
You die...
Beogh appreciates the orc knight's killing of a heretic priest.

Skill      XL: |  1  2  3  4  5  6  7  8  9 10 11 12 13 14 15 16 17 18 19 20 21 |
---------------+----------------------------------------------------------------+-----
Fighting       | 4 5 6 7 9 10 12 13 14 15 | 15.6
Axes           | 5 6 9 11 13 14 16 18 | 18.0
Stealth        | 1 4 5 8 9 |  9.4
Armour         | 1 3 5 7 10 12 15 | 15.0
Evocations     | 4 6 8 9 10 11 12 | 12.5
Dodging        | 4 5 7 9 10 | 10.0
Invocations    | 4 6 7 11 13 15 17 19 | 19.3
Translocations | 5 6 7 8 |  8.0
Necromancy     | 3 7 8 10 | 10.0
Shields        | 4 9 11 13 15 | 15.0

Action                     |  1- 3 |  4- 6 |  7- 9 | 10-12 | 13-15 | 16-18 | 19-21 || total
---------------------------+-------+-------+-------+-------+-------+-------+-------++-------
  Melee: Hand axe          |    84 |    53 |    20 |   109 |       |       |       ||   266
         Mace              |       |    50 |    77 |    22 |       |       |       ||   149
         War axe           |       |    54 |   145 |   488 |       |       |       ||   687
         Whip              |       |       |    31 |     9 |       |       |       ||    40
         Halberd           |       |       |     7 |       |       |       |       ||     7
         Broad axe         |       |       |       |    34 |   942 |  1276 |  1028 ||  3280
         Punch             |       |       |       |       |    16 |     1 |       ||    17
         Battleaxe         |       |       |       |       |    20 |       |       ||    20
   Fire: Arbalest          |       |       |       |       |    33 |       |       ||    33
  Throw: Dart              |       |     9 |    10 |    21 |    24 |     1 |     2 ||    67
   Cast: Animate Dead      |       |       |       |       |       |     1 |       ||     1
         Blink             |       |       |       |       |       |     3 |       ||     3
         Apportation       |       |       |       |       |       |       |     2 ||     2
 Invoke: Convert to Beogh  |       |       |     1 |       |       |       |       ||     1
         Recall Orcish Fol |       |       |       |       |     9 |    13 |    19 ||    41
         Give Item to Name |       |       |       |       |     1 |       |       ||     1
         Stop Recall       |       |       |       |       |     3 |     5 |     9 ||    17
         Smiting           |       |       |       |       |       |       |    25 ||    25
  Evoke: Wand              |       |       |       |     2 |       |     2 |     2 ||     6
         Box of beasts     |       |       |       |       |       |       |     1 ||     1
         Tin of tremorston |       |       |       |       |       |       |     1 ||     1
    Use: Scroll            |     3 |     4 |     1 |     6 |    13 |     3 |     6 ||    36
         Potion            |       |       |       |     4 |     1 |     6 |     7 ||    18
   Stab: Distracted        |       |       |       |     1 |     4 |     8 |    11 ||    24
         Sleeping          |       |       |       |       |     1 |     8 |       ||     9
         Confused          |       |       |       |       |     1 |       |       ||     1
         Paralysed         |       |       |       |       |       |     3 |     3 ||     6
         Invisible         |       |       |       |       |       |     2 |     1 ||     3
 Armour: Robe              |     8 |       |       |    57 |       |       |       ||    65
         Leather armour    |    41 |    16 |       |       |       |       |       ||    57
         Scale mail        |       |    99 |   151 |       |       |       |       ||   250
         Chain mail        |       |       |   125 |   233 |   127 |       |   557 ||  1042
         Ice dragon scales |       |       |       |   126 |       |       |       ||   126
         Ring mail         |       |       |       |       |   396 |   765 |   159 ||  1320
  Dodge: Dodged            |    54 |    74 |   141 |   226 |   496 |   588 |   432 ||  2011
  Block: Buckler           |       |       |       |       |       |    28 |       ||    28
         Kite shield       |       |       |       |       |       |   533 |   638 ||  1171

Levels and vault maps discovered:
D:1:      psy_arrival_terrarium, layout_basic,
          hellmonk_ecumenical_altar_crossroads, skrybe_limestone_x
D:2:      layout_basic, uniq_sigmund, uniq_robin
D:3:      layout_basic, mainiacjoe_overflow_paths, serial_shops, shop,
          minmay_circle_x, uniq_terence
D:4:      layout_basic, nicolae_dithmenos_through_a_glass_darkly,
          minmay_temple_entry_stoned_glass, uniq_ijyb
D:5:      layout_cave_pools, kennysheep_okawaru_gauntlet, serial_shops,
          kennysheep_little_box, nicolae_shop_overcharged_wands, uniq_grinder,
          uniq_edmund, uniq_blork_the_orc
D:6:      layout_cave_pools, elyvilon_altar_5, nicolae_qazlal_general_emergency,
          minmay_ogre_servants
D:7:      layout_basic, grunt_temple_overflow_holy_war, trog_wizard,
          kennysheep_mini, uniq_pikel
D:8:      layout_rooms, nicolae_overflow_hidden_temple,
          nemelex_diamond_rough_becter, supply_closet_lemuel
D:9:      layout_rooms, mainiacjoe_overflow_alcove_4, amcnicky_altar_gilded,
          nicolae_vehumet_altar_sigil
D:10:     layout_roguey, zin_purify, mainiacjoe_overflow_24_doors, uniq_psyche,
          uniq_josephine
D:11:     layout_irregular_city, erik_lair_orcish_takeover,
          minmay_orc_entry_temple_small, portal_ice_cave_entry_pillars_1,
          kennysheep_generic_room_13, uniq_maurice
D:12:     layout_basic, minmay_misc_feat_diagonals
D:13:     minmay_the_grid_3x3 [minmay_the_grid_spikes,
          minmay_the_grid_minigrid_large, minmay_the_grid_expand,
          minmay_the_grid_box_x, minmay_the_grid_minigrid_small,
          minmay_the_grid_fan, minmay_the_grid_embedded, minmay_the_grid_rooms,
          minmay_the_grid_prize_four_corners_diamond_a], layout_layer_cave,
          david_vaults_5, serial_shops, shop, gammafunk_ghost_nasty_kobolds
D:14:     layout_rooms, uniq_nessos
D:15:     hellmonk_depths_entry_around_the_bend, layout_loops_cross,
          chequers_mini_garden, serial_shops, shop, hex_large,
          minmay_fire_ice_demons, uniq_agnes, uniq_kirke
Temple:   hellmonk_temple_two_chambers
Lair:1:   layout_gridlike, nicolae_volcano_entry_hallway
Lair:2:   layout_chaotic_city
Lair:3:   layout_gridlike, minmay_shoals_entry_hut,
          nicolae_snake_entry_warm_welcome, serial_bayou_pond_c,
          hellmonk_guarded_unrand_seven_league_boots, grunt_megastairs_5
Lair:4:   layout_cave_shapes
Lair:5:   hangedman_lair_tendril_chambers, layout_loops_ring,
          guppyfry_lair_end_dragon, nicolae_slime_entry_slimehenge
Shoals:1: layout_shoals
Shoals:2: argonaut_golden_fleece, layout_shoals, serial_shops, shop,
          nicolae_shoals_lost_giant_hut, nicolae_shoals_abyss_on_the_beach
Shoals:3: layout_shoals
Shoals:4: shoals_end_simple, layout_shoals, uniq_mara
Snake:1:  layout_basic, nicolae_large_snake_swirl, grunt_megastairs_3,
          serial_bayou_shore_b
Snake:2:  layout_onion, serial_shops, nicolae_shop_window_shopping,
          nicolae_shop_gadgets, grunt_megastairs_4
Snake:3:  layout_rooms, nicolae_snake_dead_anacondas, uniq_nikola
Snake:4:  grunt_snake_rune_pools, layout_layer_cave, serial_shops, shop,
          nrook_guardian_serpent_double, uniq_vashnia
Slime:1:  layout_caves, basic_altar, cheibrodos_slime_lost_civilization_5
Orc:1:    layout_caves
Orc:2:    kennysheep_orc_mage_school, layout_caves, basic_altar, serial_shops,
          nicolae_shop_tiny_glass, minmay_orc_keep
Elf:1:    eino_elf_arrival_sip, layout_geoelf_octagon, mu_enter_wizlab_3,
          ebering_ghost_rock_garden, serial_shops, nicolae_shop_trees,
          minmay_elf_annihilation
Elf:2:    nicolae_elf_blades_crystal_corner, layout_gridlike
Elf:3:    minmay_elf_hall_quartered_circle, layout_loops_corners,
          chequers_hall_statues_y
Vaults:1: vaults_mumra_hex, nicolae_vaults_apartment_2,
          nicolae_vaults_storage_closets_1, ontoclasm_vaults_pinch,
          nicolae_vaults_border_crossing, vaults_room_stairs_pillars,
          nicolae_vaults_bisected_slash, nicolae_vaults_little_squares_5,
          layout_vaults_omnigrid, serial_shops, shop

Notes
Turn   | Place    | Note
-------+----------+-------------------------------------------
     0 | D:1      | scionoferis the Hill Orc Monk began the quest for the Orb.
     0 | D:1      | Reached XP level 1. HP: 19/19 MP: 1/1
    32 | D:1      | Found a faded altar of an unknown god.
   333 | D:1      | Reached XP level 2. HP: 26/27 MP: 2/2
   865 | D:2      | Noticed Robin
   898 | D:2      | Reached skill level 4 in Fighting
   901 | D:2      | Reached XP level 3. HP: 16/33 MP: 3/3
   905 | D:2      | Killed Robin
   906 | D:2      | Reached skill level 5 in Axes
   906 | D:2      | Reached skill level 1 in Stealth
  1233 | D:2      | Noticed Sigmund
  1461 | D:3      | Reached XP level 4. HP: 30/40 MP: 4/4
  1530 | D:3      | Noticed Terence
  1561 | D:3      | Killed Terence
  2021 | D:3      | Found a burning altar of Makhleb.
  2028 | D:3      | Found Dejayp's Distillery.
  2504 | D:3      | Reached XP level 5. HP: 47/47 MP: 5/5
  2653 | D:4      | Found a shadowy altar of Dithmenos.
  2653 | D:4      | Noticed Ijyb
  2677 | D:4      | Killed Ijyb
  2678 | D:4      | Reached skill level 6 in Axes
  2678 | D:4      | Reached skill level 1 in Armour
  2966 | D:4      | Found a staircase to the Ecumenical Temple.
  2991 | Temple   | Entered the Ecumenical Temple
  3364 | D:4      | Reached skill level 5 in Fighting
  3364 | D:4      | Reached XP level 6. HP: 55/56 MP: 6/6
  3860 | D:5      | Entered Level 5 of the Dungeon
  3877 | D:4      | Reached skill level 7 in Axes
  3877 | D:4      | Reached skill level 2 in Armour
  3890 | D:5      | Noticed a black bear
  3909 | D:5      | Killed a black bear
  3984 | D:5      | You fall into a shaft and drop 2 floors!
  3996 | D:7      | Noticed Pikel
  4008 | D:7      | Killed Pikel
  4009 | D:7      | Reached skill level 6 in Fighting
  4009 | D:7      | Reached skill level 9 in Axes
  4009 | D:7      | Reached skill level 3 in Armour
  4009 | D:7      | Reached XP level 7. HP: 52/64 MP: 7/7
  4009 | D:7      | Reached XP level 8. HP: 57/71 MP: 8/8
  4082 | D:7      | Reached skill level 4 in Armour
  4225 | D:6      | Found a stormy altar of Qazlal.
  4259 | D:6      | Reached skill level 10 in Axes
  4280 | D:6      | Reached skill level 7 in Fighting
  4294 | D:6      | Learned a level 1 spell: Apportation
  4494 | D:4      | Reached skill level 5 in Armour
  4751 | D:5      | Reached skill level 11 in Axes
  4774 | D:5      | Reached XP level 9. HP: 43/80 MP: 9/9
  4892 | D:5      | Became a worshipper of Beogh the Brigand
  4892 | D:5      | Reached * piety under Beogh
  4892 | D:5      | Reached ** piety under Beogh
  4901 | D:5      | Noticed Blork the orc
  5017 | D:2      | Killed Sigmund
  5294 | D:3      | Bought a potion of lignification for 30 gold pieces
  5294 | D:3      | Bought a potion of mutation for 80 gold pieces
  5294 | D:3      | Bought a potion of curing for 30 gold pieces
  5294 | D:3      | Bought a potion of heal wounds for 50 gold pieces
  5294 | D:3      | Bought a potion of enlightenment for 50 gold pieces
  5294 | D:3      | Bought a potion of might for 40 gold pieces
  5354 | D:5      | Killed Blork the orc
  5355 | D:5      | Reached skill level 8 in Fighting
  5407 | D:5      | Reached skill level 12 in Axes
  5431 | D:5      | Found Rozug's Overcharged Wands.
  5491 | D:5      | Noticed Edmund
  5624 | D:5      | Killed Edmund
  5744 | D:5      | Noticed Grinder
  5769 | D:5      | Killed Grinder
  5932 | D:5      | Found an iron altar of Okawaru.
  6030 | D:5      | Found Voehahim's Antique Armour Emporium.
  6478 | D:6      | Found a white marble altar of Elyvilon.
  6500 | D:6      | Reached skill level 9 in Fighting
  6500 | D:6      | Reached skill level 13 in Axes
  6530 | D:6      | Identified a +0 robe of resistance
  7194 | D:7      | Reached XP level 10. HP: 91/91 MP: 10/10
  7313 | D:7      | Found a shimmering blue altar of Sif Muna.
  7467 | D:7      | Found a glowing golden altar of the Shining One.
  7470 | D:7      | Noticed an angel
  7496 | D:7      | Reached skill level 14 in Axes
  7562 | D:7      | Found a bloodstained altar of Trog.
  7564 | D:7      | Noticed a wizard
  7569 | D:7      | Killed a wizard
  7605 | D:7      | Found a basalt altar of Yredelemnul.
  7608 | D:7      | Noticed a profane servitor
  7751 | D:8      | Reached skill level 1 in Evocations
  7887 | D:8      | Reached skill level 10 in Fighting
  7887 | D:8      | Reached skill level 3 in Dodging
  7908 | D:8      | Reached skill level 2 in Evocations
  7920 | D:8      | Reached *** piety under Beogh
  7971 | D:8      | Reached skill level 1 in Invocations
  7980 | D:8      | Reached skill level 3 in Evocations
  8354 | D:8      | Found a hazy altar of Hepliaklqana.
  8433 | D:8      | Found a sparkling altar of Nemelex Xobeh.
  8512 | D:5      | Bought a pair of glowing gloves for 210 gold pieces
  8576 | D:9      | Reached skill level 2 in Invocations
  8642 | D:9      | Noticed a two-headed ogre
  8653 | D:9      | Killed a two-headed ogre
  8654 | D:9      | Reached skill level 4 in Dodging
  8654 | D:9      | Reached skill level 3 in Invocations
  8695 | D:9      | Found a radiant altar of Vehumet.
  8696 | D:9      | Noticed a two-headed ogre
  8707 | D:9      | Killed a two-headed ogre
  8708 | D:9      | Reached skill level 4 in Evocations
  8730 | D:9      | Reached skill level 4 in Invocations
  8916 | D:9      | Reached XP level 11. HP: 95/99 MP: 14/14
  8975 | D:9      | Found a hide-covered altar of Uskayaw.
  9103 | D:9      | Found an opulent altar of Gozag.
  9144 | D:9      | Reached skill level 5 in Invocations
  9388 | D:5      | Bought a runed chain mail for 210 gold pieces
  9459 | D:10     | Entered Level 10 of the Dungeon
  9479 | D:10     | Found a shimmering altar of Xom.
  9581 | D:10     | Reached skill level 5 in Dodging
  9581 | D:10     | Reached skill level 5 in Evocations
  9731 | D:10     | Reached skill level 15 in Axes
  9731 | D:10     | Reached skill level 6 in Invocations
 10056 | D:10     | Noticed Psyche
 10084 | D:9      | Killed Psyche
 10085 | D:9      | Reached skill level 6 in Evocations
 10472 | D:10     | Found Zin's Purification Station.
 10472 | D:10     | Noticed Josephine
 10535 | D:10     | Reached skill level 16 in Axes
 10584 | D:10     | Found a glowing silver altar of Zin.
 11008 | D:10     | Killed Josephine
 11123 | D:11     | Reached **** piety under Beogh
 11148 | D:11     | Reached skill level 6 in Armour
 11155 | D:11     | Found a staircase to the Lair.
 11269 | D:11     | Found a staircase to the Orcish Mines.
 11274 | D:11     | Found a roughly hewn altar of Beogh.
 11345 | D:11     | Found a frozen archway.
 11437 | IceCv    | Entered an ice cave
 11655 | IceCv    | Reached skill level 7 in Armour
 11655 | IceCv    | Reached XP level 12. HP: 100/106 MP: 16/16
 11665 | IceCv    | Noticed a death yak
 11691 | IceCv    | Killed a death yak
 11702 | IceCv    | Reached skill level 7 in Evocations
 11704 | IceCv    | HP: 10/106 [yak (11)]
 12133 | IceCv    | Reached skill level 6 in Dodging
 12157 | IceCv    | Reached skill level 8 in Armour
 12507 | IceCv    | Reached ***** piety under Beogh
 12511 | IceCv    | Noticed a death yak
 12533 | IceCv    | Killed a death yak
 12536 | IceCv    | Reached skill level 9 in Armour
 12695 | IceCv    | Noticed a death yak
 12695 | IceCv    | Noticed a frost giant
 12695 | IceCv    | Noticed a death yak
 12708 | IceCv    | Killed a death yak
 12718 | IceCv    | Killed a death yak
 12743 | IceCv    | Reached skill level 8 in Evocations
 12743 | IceCv    | Killed a frost giant
 12745 | IceCv    | Reached skill level 10 in Armour
 12797 | IceCv    | Reached skill level 7 in Dodging
 13025 | IceCv    | Identified a +0 leather armour of resistance
 13344 | D:11     | Noticed a boulder beetle
 13357 | D:11     | Killed a boulder beetle
 13551 | D:11     | Reached XP level 13. HP: 113/113 MP: 17/17
 13569 | D:11     | Noticed Maurice
 13580 | D:11     | Killed Maurice
 14167 | D:12     | Reached skill level 9 in Evocations
 14220 | D:12     | Reached skill level 17 in Axes
 14604 | Lair:1   | Entered Level 1 of the Lair of Beasts
 14658 | Lair:1   | Found a dark tunnel.
 14671 | Volcano  | Entered a volcano
 14910 | Volcano  | Reached skill level 8 in Dodging
 15012 | Volcano  | Reached skill level 18 in Axes
 15318 | Volcano  | Noticed a fire dragon
 15346 | Volcano  | Killed a fire dragon
 15750 | Volcano  | Reached skill level 9 in Dodging
 16056 | Lair:1   | Identified 3 potions of resistance
 16098 | Lair:1   | Reached skill level 2 in Stealth
 16623 | Lair:1   | Reached skill level 3 in Stealth
 17258 | Lair:1   | Reached skill level 4 in Stealth
 17258 | Lair:1   | Reached XP level 14. HP: 102/121 MP: 18/18
 17533 | Lair:2   | Reached skill level 10 in Dodging
 17878 | Lair:2   | Reached skill level 5 in Stealth
 17878 | Lair:2   | Reached skill level 1 in Translocations
 18015 | Lair:2   | Reached skill level 2 in Translocations
 18426 | Lair:3   | Reached skill level 3 in Translocations
 18438 | Lair:3   | Reached skill level 11 in Fighting
 18611 | Lair:3   | Found a staircase to the Shoals.
 18626 | Lair:3   | Gained Orgrim as an ally
 19397 | Lair:3   | Found the +3 pair of seven-league boots {Rampage+∞}
 19617 | Lair:3   | Found a staircase to the Snake Pit.
 19635 | Lair:3   | Reached skill level 4 in Translocations
 20091 | Lair:4   | Reached ****** piety under Beogh
 20276 | Lair:3   | Reached skill level 12 in Fighting
 20402 | Lair:4   | Reached skill level 5 in Translocations
 20407 | Lair:4   | Learned a level 4 spell: Animate Dead
 20520 | Lair:4   | Reached skill level 1 in Necromancy
 20714 | Lair:4   | Identified the +5 trident of Gobimm {flame, +Blink}
 20741 | Lair:4   | Reached skill level 2 in Necromancy
 20986 | Lair:5   | Entered Level 5 of the Lair of Beasts
 21091 | Lair:5   | Found a viscous altar of Jiyva.
 21092 | Lair:5   | Found a staircase to the Slime Pits.
 21123 | Lair:5   | Reached skill level 3 in Necromancy
 21125 | Lair:5   | Reached XP level 15. HP: 134/134 MP: 19/19
 21551 | Lair:5   | Reached skill level 4 in Necromancy
 21585 | Lair:5   | Gained Ugbert as an ally
 22015 | Lair:5   | Reached skill level 13 in Fighting
 22021 | Lair:5   | Reached skill level 5 in Necromancy
 22270 | Lair:5   | Reached skill level 6 in Translocations
 22546 | Lair:5   | Reached skill level 6 in Necromancy
 23544 | Orc:1    | Entered Level 1 of the Orcish Mines
 23602 | Orc:1    | Gained Bogmar as an ally
 23612 | Orc:1    | Reached skill level 10 in Evocations
 23612 | Orc:1    | Gained Warrok as an ally
 24252 | Orc:2    | Entered Level 2 of the Orcish Mines
 24348 | Orc:2    | Found Pemneynt's Antique Weapon Boutique.
 24372 | Orc:2    | Found a staircase to the Elven Halls.
 24494 | Orc:2    | Found a roughly hewn altar of Beogh.
 24701 | Orc:2    | Found a radiant altar of Vehumet.
 24702 | Orc:2    | Noticed Erolcha
 24707 | Orc:2    | Found Ucykk's Book Boutique.
 24712 | Orc:2    | Noticed Nergalle
 24714 | Orc:2    | Killed Erolcha
 24725 | Orc:2    | Killed Nergalle
 24728 | Orc:2    | Found a roughly hewn altar of Beogh.
 24728 | Orc:2    | Found Tiunusm's Book Boutique.
 24731 | Orc:2    | Found Hugelob's Magic Scroll Shop.
 24738 | Orc:2    | Found Liveqoqa's Antique Weapon Shop.
 24743 | Orc:2    | Your ally Ugbert died
 24756 | Orc:2    | Identified a +2 robe of resistance
 24760 | Orc:2    | Found an ancient bone altar of Kikubaaqudgha.
 24849 | Orc:2    | Bought an Inescapable Atlas for 176 gold pieces
 24852 | Orc:2    | Learned a level 2 spell: Blink
 24870 | Orc:2    | Bought a scroll of silence for 142 gold pieces
 25938 | D:13     | Found Myxa's Weapon Shoppe.
 25959 | D:13     | Found a gate to the Vaults.
 26192 | D:13     | Found a runed translucent gate.
 26192 | D:13     | Found a runed translucent gate.
 26192 | D:13     | Noticed Coanextu's ghost (journeyman HOFi)
 26196 | D:13     | Reached skill level 7 in Necromancy
 26196 | D:13     | Found a runed translucent gate.
 26300 | D:13     | Reached skill level 7 in Invocations
 26425 | D:13     | Reached XP level 16. HP: 145/145 MP: 21/21
 26439 | D:13     | Reached skill level 8 in Invocations
 26467 | D:13     | Gained Borgk as an ally
 26476 | D:13     | Reached skill level 14 in Fighting
 26476 | D:13     | Reached skill level 7 in Translocations
 26751 | D:13     | Your ally Warrok died
 26974 | D:13     | Reached skill level 9 in Invocations
 27171 | D:13     | Reached skill level 1 in Shields
 27269 | D:13     | Gained Herok as an ally
 27271 | D:13     | Got a decrepit book
 27280 | D:13     | Got a droning book
 27865 | D:13     | Killed Coanextu's ghost
 28142 | D:14     | Your ally Bogmar died
 28150 | D:14     | Reached skill level 2 in Shields
 28385 | D:14     | Reached skill level 8 in Necromancy
 28453 | D:14     | Noticed Nessos
 28457 | D:14     | Gained Morbeogh as an ally
 28462 | D:14     | Killed Nessos
 28718 | D:14     | Reached skill level 11 in Evocations
 28727 | D:14     | Reached skill level 10 in Invocations
 29075 | D:15     | Entered Level 15 of the Dungeon
 29103 | D:15     | Gained Koronagh as an ally
 29171 | D:15     | Noticed Kirke
 29182 | D:15     | Killed Kirke
 29183 | D:15     | Reached skill level 3 in Shields
 29313 | D:15     | Your ally Koronagh died
 29317 | D:15     | Noticed Agnes
 29324 | D:15     | Killed Agnes
 29479 | D:15     | Found a staircase to the Depths.
 29946 | D:15     | Found Qieptif's Antique Weapon Shop.
 30062 | D:15     | Reached skill level 11 in Invocations
 30771 | Snake:1  | Entered Level 1 of the Snake Pit
 30881 | Snake:1  | Reached skill level 4 in Shields
 31089 | Snake:1  | Reached XP level 17. HP: 154/154 MP: 25/25
 31641 | Snake:1  | Reached skill level 5 in Shields
 32066 | Snake:2  | Reached skill level 8 in Translocations
 32130 | Snake:2  | Reached skill level 15 in Fighting
 32136 | Snake:2  | Reached skill level 9 in Necromancy
 32236 | Snake:2  | You fall into a shaft and drop 1 floor!
 32242 | Snake:2  | Found Iger's Gadget Gallery.
 32251 | Snake:2  | Reached skill level 6 in Shields
 32267 | Snake:2  | HP: 11/156 [salamander/+3 spear (14)]
 32619 | Snake:2  | Found Sotiatoa's Antique Weapon Shop.
 33190 | Snake:2  | Reached skill level 7 in Shields
 33190 | Snake:2  | Reached skill level 12 in Invocations
 33732 | Snake:3  | Your ally Borgk died
 33736 | Snake:3  | Reached skill level 12 in Evocations
 34177 | Snake:3  | Reached skill level 8 in Shields
 34399 | Snake:3  | Noticed Nikola
 34425 | Snake:3  | Killed Nikola
 34426 | Snake:3  | HP: 10/156 [naga/+0 battleaxe (15)]
 34975 | Snake:3  | Reached skill level 10 in Necromancy
 35298 | Snake:4  | Entered Level 4 of the Snake Pit
 35307 | Snake:4  | Reached skill level 9 in Shields
 35645 | Snake:4  | Noticed Vashnia
 35689 | Snake:3  | Reached skill level 13 in Invocations
 35743 | Snake:3  | Reached XP level 18. HP: 142/163 MP: 27/27
 35813 | Snake:3  | Gained Orik as an ally
 35813 | Snake:3  | Gained Boderik as an ally
 35937 | Snake:4  | Killed Vashnia
 35937 | Snake:4  | Gained Learuk as an ally
 36609 | Snake:4  | Reached skill level 10 in Shields
 37352 | Slime:1  | Entered Level 1 of the Pits of Slime
 37601 | Snake:4  | Found Sacwuekas's Antique Weapon Shoppe.
 37965 | Snake:4  | Reached skill level 14 in Invocations
 38760 | Snake:4  | Reached skill level 11 in Shields
 38818 | Snake:4  | Reached skill level 11 in Armour
 38825 | Snake:4  | Got a serpentine rune of Zot
 39470 | Shoals:1 | Entered Level 1 of the Shoals
 39608 | Shoals:1 | Reached skill level 15 in Invocations
 39653 | Shoals:1 | Identified the +0 ring mail of Dyphi {rC+ SInv}
 40678 | Shoals:2 | Found a runed translucent door.
 40689 | Shoals:2 | Found a corrupted altar of Lugonu.
 40835 | Shoals:2 | Found a one-way gate to the infinite horrors of the Abyss.
 40913 | Shoals:2 | Reached skill level 12 in Armour
 40924 | Shoals:2 | Identified the +2 pair of boots of the Transmuting Gods
                  | {rC+ rN+ Int+3}
 41116 | Shoals:2 | Found Xall's Antique Armour Boutique.
 41714 | Shoals:2 | Identified the +0 animal skin of Akhluwuc {Str+3}
 42047 | Shoals:3 | Gained Boruk as an ally
 42088 | Shoals:3 | Reached XP level 19. HP: 112/170 MP: 30/30
 42391 | Shoals:3 | Reached skill level 12 in Shields
 43823 | Shoals:3 | Reached skill level 13 in Armour
 43840 | Shoals:3 | Reached skill level 16 in Invocations
 44155 | Shoals:4 | Entered Level 4 of the Shoals
 45261 | Shoals:4 | Got a barnacled rune of Zot
 45485 | Shoals:4 | Noticed Mara
 45555 | Shoals:4 | Killed Mara
 45607 | Shoals:4 | Your ally Morbeogh died
 45615 | Shoals:4 | Your ally Orgrim died
 45830 | Shoals:4 | Identified the +7 chain mail of Fuej Hih {+Inv rPois rC+
                  | Str+2}
 45948 | Shoals:4 | Gained Korbok as an ally
 46178 | Shoals:4 | Reached skill level 14 in Armour
 46317 | Shoals:4 | Your ally Orik died
 48323 | Elf:1    | Entered Level 1 of the Elven Halls
 48342 | Elf:1    | Found Itib's General Store.
 48414 | Elf:1    | Reached skill level 13 in Shields
 48483 | Elf:1    | Found a magical portal.
 48639 | WizLab   | Entered The Hall of the Hellbinder
 48870 | WizLab   | Got a black book
 48956 | WizLab   | Reached skill level 17 in Invocations
 48961 | WizLab   | Gained mutation: You occasionally lose the ability to read
                  | scrolls when taking damage. [a neqoxec]
 49665 | WizLab   | Reached skill level 15 in Armour
 49674 | WizLab   | Noticed Owyodak
 49807 | WizLab   | Killed Owyodak the Hellbinder
 49878 | WizLab   | Found a burning altar of Makhleb.
 49907 | WizLab   | Got a grimy book
 49910 | WizLab   | Identified the ring "Juech" {rPois Int+3 Stlth+}
 49912 | WizLab   | Identified the ring "Leashuc" {rElec rF+ rC+ Str+6 Int-3}
 50059 | Elf:1    | Bought a potion of haste for 180 gold pieces
 50121 | Elf:1    | Found a runed translucent gate.
 50122 | Elf:1    | Found a runed translucent gate.
 50134 | Elf:1    | Reached XP level 20. HP: 103/178 MP: 32/32
 50160 | Elf:1    | Noticed quakins's ghost (adept MiBe)
 50289 | Elf:1    | Found a runed translucent gate.
 50460 | Elf:1    | Got an inconspicuous book
 50777 | Elf:1    | Killed quakins's ghost
 51223 | Elf:2    | Paralysed by an air elemental for 1 turns
 51381 | Elf:2    | Reached skill level 6 in Stealth
 51434 | Elf:2    | Found a runed translucent gate.
 51435 | Elf:2    | Found a runed translucent gate.
 51435 | Elf:2    | Found a runed translucent gate.
 51878 | Elf:2    | Reached skill level 14 in Shields
 51973 | Elf:3    | Entered Level 3 of the Elven Halls
 52004 | Elf:3    | Identified a scarf of resistance
 52556 | Elf:3    | Reached skill level 18 in Invocations
 53181 | Elf:3    | Reached skill level 7 in Stealth
 53826 | Elf:3    | Paralysed by an air elemental for 1 turns
 53942 | Elf:3    | Identified the +5 short sword "Qochyxt" {drain, *Noise
                  | rElec rN++ Dex+4}
 54069 | Elf:3    | Identified the +4 ring mail of the Tundras {rF+ Regen+
                  | Int+6 Dex-4}
 54080 | Elf:3    | Your ally Boruk died
 54082 | Elf:3    | Identified the +7 dagger of the Eternal Warrior {pain,
                  | +Blink rN+ Int+3 Dex+4}
 54101 | Elf:3    | Your ally Learuk died
 54104 | Elf:3    | Identified the +5 chain mail of the Valley of Death {rPois}
 55261 | Vaults:1 | Entered Level 1 of the Vaults
 55295 | Vaults:1 | Reached skill level 8 in Stealth
 55313 | Vaults:1 | Reached skill level 15 in Shields
 55644 | Vaults:1 | Reached skill level 19 in Invocations
 55927 | Vaults:1 | Identified the +3 scale mail of Enormous Beauty {Str+5}
 56278 | Vaults:1 | Reached XP level 21. HP: 133/184 MP: 34/34
 56446 | Vaults:1 | Found Woraar's Jewellery Emporium.
 56483 | Vaults:1 | Reached skill level 9 in Stealth
 56486 | Vaults:1 | Your ally Korbok died
 56735 | Vaults:1 | HP: 6/185 [vault warden/+3 great sword of venom (34)]
 56740 | Vaults:1 | Gained Jorge as an ally
 56742 | Vaults:1 | Slain by an orc knight

Vanquished Creatures
  Mara (Shoals:4)
  Vashnia (Snake:4)
  Nikola (Snake:3)
  A Hellbinder (WizLab)
  2 deep elf blademasters (Elf:3)
  3 deep elf master archers (Elf:3)
  3 krakens (Shoals:3)
  Agnes (D:15)
  7 nagarajas (Snake:2 Snake:4)
  5 deep elf sorcerers (Elf:2 Elf:3)
  A frost giant (IceCv)
  A deep elf elementalist (Elf:3)
  4 vault wardens (Vaults:1)
  2 ironbound preservers (Vaults:1)
  A demonspawn blood saint (WizLab)
  An orc warlord (Vaults:1)
  8 deep elf annihilators (Elf:3)
  2 lorocyprocas (WizLab)
  3 deep elf demonologists (Elf:3)
  3 dire elephants (Vaults:1)
  3 fire dragons (Volcano Lair:5 Shoals:2)
  2 blizzard demons (WizLab)
  5 deep elf death magi (Elf:2 Elf:3)
  3 merfolk javelineers (Shoals:3 Shoals:4)
  3 deep elf high priests (Elf:3)
  A vault guard (D:13)
  A yaktaur captain (Vaults:1)
  Josephine (D:10)
  A great orb of eyes (D:13)
  7 merfolk impalers (Shoals:1 Shoals:3 Shoals:4)
  An ice dragon (Shoals:2)
  8 hydras (Lair:2 Lair:4 Lair:5 D:13 D:15)
  A rakshasa (D:14)
  A hell beast (WizLab)
  9 centaur warriors (D:13 D:14 Shoals:1 Shoals:2)
  3 merfolk aquamancers (Shoals:3 Shoals:4)
  4 merfolk avatars (Shoals:1 Shoals:2 Shoals:3)
  4 salamander tyrants (Snake:2 Snake:3 Snake:4)
  10 anacondas (Snake:1 Snake:2 Snake:3 Snake:4)
  2 ogre magi (Orc:1 Orc:2)
  12 dancing weapons (Elf:1 Elf:2 Elf:3)
  6 boulder beetles (D:11 Lair:3 D:13 Vaults:1)
  An ironbound frostheart (Vaults:1)
  8 two-headed ogres (D:9 D:12 Volcano Orc:1 D:13)
  2 catoblepae (D:13 D:15)
  A satyr (Shoals:2)
  2 tengu warriors (D:13 D:14)
  7 death yaks (IceCv Lair:5)
  A deep troll earth mage (D:15)
  14 naga warriors (Snake:1 Snake:2 Snake:3 Snake:4)
  6 shock serpents (Snake:1 Snake:2 Snake:3)
  14 naga sharpshooters (Snake:1 Snake:2 Snake:3 Snake:4)
  2 sun demons (D:15 WizLab)
  3 deep elf knights (Elf:1 Elf:2)
  Nergalle (Orc:2)
  3 sixfirhies (WizLab)
  5 salamander mystics (Snake:3 Snake:4)
  3 skeletal warriors (D:13 D:14)
  4 skysharks (Lair:3 Shoals:1 Shoals:3)
  A glowing orange brain (shapeshifter) (Elf:3)
  8 deep elf archers (Elf:1 Elf:2 Elf:3)
  5 sea snakes (Shoals:1 Shoals:4)
  A swamp dragon (Lair:5)
  2 spectral anacondas (Snake:3)
  11 deep trolls (Vaults:1)
  5 lindwurms (Vaults:1)
  A shadow demon (WizLab)
  5 naga ritualists (Snake:1 Snake:2 Snake:3 Snake:4)
  5 anaconda skeletons (Snake:3)
  Pikel (D:7)
  19 deep elf zephyrmancers (Elf:1 Elf:2 Elf:3)
  An orc knight (D:15)
  A phantasmal warrior (D:15)
  16 harpies (Shoals:2 Shoals:3 Shoals:4 Vaults:1)
  22 deep elf pyromancers (D:13 D:15 Elf:1 Elf:2 Elf:3)
  An ironbound convoker (Vaults:1)
  10 mana vipers (Snake:1 Snake:2 Snake:3 Snake:4)
  2 orc sorcerers (Orc:2 Elf:1)
  13 ugly things (IceCv D:13 D:15 Vaults:1)
  17 manticores (D:12 D:13 D:14 Shoals:1 Shoals:2)
  14 elephants (Lair:1 Lair:3 Lair:4 Lair:5)
  9 cyclopes (D:12 D:13 D:14 D:15 Shoals:4)
  24 salamanders (Volcano Lair:3 Snake:2 Snake:1 Snake:3)
  15 fauns (Shoals:2 Shoals:3)
  24 black mambas (Lair:1 Lair:3 Lair:4 Lair:5 Snake:1)
  8 merfolk sirens (Shoals:2 Shoals:3 Shoals:4)
  An ice statue (IceCv)
  10 naga magi (Snake:1 Snake:2 Snake:4 Snake:3)
  An apocalypse crab (Shoals:2)
  4 vault sentinels (Vaults:1)
  Maurice (D:11)
  5 water nymphs (Shoals:2 Shoals:3 Shoals:4)
  11 guardian serpents (Lair:3 Lair:5 Snake:1 Snake:3 Snake:4)
  A cane toad (shapeshifter) (D:14)
  3 orange demons (WizLab)
  15 cane toads (Lair:1 Lair:2 Lair:3 Lair:4 Lair:5)
  7 kobold demonologists (D:10 D:12 D:13)
  2 unseen horrors (D:12)
  A gargoyle (D:13)
  6 rime drakes (IceCv Lair:2 Lair:3 Lair:4 Lair:5)
  Psyche (D:9)
  7 yaktaurs (D:15 Vaults:1)
  2 tormentors (WizLab)
  2 efreet (D:13)
  16 komodo dragons (D:10 Volcano Lair:1 Lair:3 Lair:4)
  A freezing wraith (D:13)
  An ice devil (D:15)
  2 anaconda simulacra (Snake:3)
  22 merfolk (Shoals:1 Shoals:3 Shoals:4)
  2 tengu conjurers (D:13 D:15)
  A meliai (shapeshifter) (D:14)
  8 trolls (D:11 D:12 Orc:1 D:13)
  5 red devils (WizLab)
  A wolf spider simulacrum (D:15)
  A polar bear (shapeshifter) (D:13)
  9 polar bears (IceCv Lair:1 Lair:3)
  A queen bee (shapeshifter) (D:13)
  2 wind drakes (Shoals:4)
  3 hornets (D:9 Lair:5)
  2 hellwings (WizLab)
  Grinder (D:5)
  4 dream sheep (Lair:4 Lair:3)
  6 snapping turtles (Lair:3 Shoals:1 Shoals:3 Shoals:4)
  31 blink frogs (Lair:2 Lair:3 Lair:4)
  8 water elementals (Shoals:2 Shoals:3 Shoals:4 Elf:2 Elf:3)
  2 air elementals (Elf:2 Elf:3)
  5 slime creatures (D:13 Vaults:1)
  2 spriggans (shapeshifter) (D:13)
  A vampire (D:12)
  Sigmund (D:2)
  62 yaks (D:8 D:9 D:10 IceCv D:11)
  4 shadows (D:11 D:12 D:13)
  2 ynoxinuls (WizLab)
  13 wyverns (D:9 D:10 Volcano Lair:3 Lair:5)
  4 basilisks (Lair:2 Lair:3 Lair:4 D:14)
  8 fire bats (Volcano)
  10 wraiths (D:9 D:10 D:11 D:13)
  6 hogs (D:15)
  A chaos spawn (WizLab)
  A neqoxec (WizLab)
  5 vampire mosquitoes (D:10 D:13)
  6 steam dragons (D:4 Volcano Lair:1 Lair:5)
  4 redbacks (Lair:5 D:13)
  38 nagas (Snake:1 Snake:2 Snake:3 Snake:4)
  Edmund (D:5)
  2 wargs (D:11)
  An acid dragon (D:10)
  15 water moccasins (Lair:1 Lair:3 Lair:4 Lair:5)
  A meliai simulacrum (D:13)
  3 swamp drakes (Lair:5)
  3 black bears (D:5 D:8 Lair:2)
  4 orc warriors (D:6 D:9 D:11 Orc:1)
  4 ice beasts (D:6 D:7)
  6 centaurs (D:5 D:9 D:12 D:13)
  7 ogres (D:6 Volcano Orc:1)
  4 phantoms (D:4 D:5)
  27 wolves (IceCv Lair:3 Lair:4 Lair:5)
  12 kobold brigands (D:7 D:10 D:11 D:13)
  Blork the orc (D:5)
  15 bullfrogs (D:7 D:6 D:8 Lair:2 Lair:3)
  2 scorpions (D:7 Lair:2)
  2 earth elementals (Elf:1 Elf:3)
  9 wights (D:5 D:6 D:8)
  3 howler monkeys (D:8 D:9)
  4 crimson imps (D:15)
  4 lava snakes (Lair:3)
  3 hounds (D:6 D:4)
  3 jellies (Lair:5)
  2 orc priests (D:11 Orc:1)
  Ijyb (D:4)
  6 iguanas (D:4 D:5 Lair:5)
  7 orc wizards (D:8 D:9 D:11 Orc:2)
  2 sleepcaps (D:4 D:5)
  Terence (D:3)
  Robin (D:2)
  7 gnolls (D:4 D:5)
  8 adders (D:2 D:3 D:4 D:5)
  A shadow imp (D:4)
  3 white imps (D:15)
  An ufetubus (D:4)
  2 dart slugs (D:3 D:4)
  12 orcs (D:5 D:6 D:7 D:8 Orc:2)
  4 ball pythons (D:1 D:3 D:4)
  7 endoplasms (D:1 D:3 D:4 Lair:5)
  2 giant cockroaches (D:2 D:3)
  20 goblins (D:1 D:2 D:3 D:4 D:5)
  5 hobgoblins (D:2 D:1 D:3)
  20 kobolds (D:1 D:3 D:7 D:10 D:11)
  2 quokkas (D:3 D:4)
  3 bats (D:1)
  4 frilled lizards (D:1 D:2 D:3)
  7 rats (D:1 D:2 D:3)
  7 tentacles (Shoals:3)
1110 creatures vanquished.

Vanquished Creatures (collateral kills)
  The ghost of quakins the Executioner, an adept MiBe of Trog (Elf:1)
  Kirke (D:15)
  2 ironbound preservers (Vaults:1)
  Nessos (D:14)
  A deep elf demonologist (Elf:3)
  A deep elf annihilator (Elf:1)
  2 dire elephants (Vaults:1)
  2 merfolk javelineers (Shoals:3)
  A deep elf high priest (Elf:3)
  The ghost of Coanextu the Cleaver, a journeyman HOFi of Beogh (D:13)
  Erolcha (Orc:2)
  A hydra (D:13)
  An ogre mage (Orc:2)
  2 alligator snapping turtles (Shoals:3 Shoals:4)
  4 two-headed ogres (D:9 Orc:1 D:13)
  2 ironbound frosthearts (Vaults:1)
  5 merfolk aquamancers (Shoals:4 Shoals:3)
  A dancing weapon (Elf:1)
  4 boulder beetles (D:13)
  2 satyrs (Shoals:3)
  A naga sharpshooter (Snake:4)
  A skeletal warrior (D:14)
  3 sea snakes (Shoals:2 Shoals:3 Shoals:4)
  A spectral anaconda (Snake:3)
  2 deep trolls (Vaults:1)
  2 anaconda zombies (Snake:3)
  2 ironbound convokers (Vaults:1)
  6 deep elf pyromancers (D:13 Elf:1)
  2 harpies (Shoals:2)
  4 ugly things (D:15)
  3 deep elf zephyrmancers (Elf:1)
  2 cyclopes (D:13 D:14)
  2 lindwurms (Vaults:1)
  3 fauns (Shoals:1 Shoals:2)
  2 orc sorcerers (Orc:2)
  A wolf spider (Lair:5)
  5 manticores (D:13 Shoals:2 Shoals:3 Shoals:4)
  3 merfolk sirens (Shoals:3 Shoals:4)
  A black mamba (Lair:5)
  A gargoyle (D:13)
  A hellion (WizLab)
  2 cane toads (Lair:5)
  An efreet (D:15)
  2 kobold demonologists (D:13)
  A rime drake (Lair:5)
  An anaconda simulacrum (Snake:3)
  An ice devil (WizLab)
  A wind drake (Shoals:4)
  6 merfolk (Shoals:1 Shoals:3 Shoals:4)
  A troll (D:13)
  A hellwing (WizLab)
  A blink frog (Lair:3)
  A snapping turtle (Shoals:4)
  5 water elementals (Shoals:3 Shoals:4)
  A ynoxinul (WizLab)
  2 wyverns (Lair:5)
  A basilisk (Lair:3)
  A redback (Lair:5)
  A vampire mosquito (D:13)
  A warg (D:11)
  7 water moccasins (Lair:5)
  2 orc warriors (Orc:2 D:15)
  3 ogres (Orc:1 Orc:2)
  2 kobold brigands (D:13)
  A jelly (Lair:5)
  3 orc priests (Orc:2)
  An iguana (Lair:5)
  6 orc wizards (D:11 Orc:2)
  A white imp (D:15)
  4 orcs (Orc:1 Orc:2 D:15)
  A kobold (D:11)
  2 tentacles (Shoals:3)
148 creatures vanquished.

Vanquished Creatures (others)
  A deep elf elementalist (Elf:3)
  4 orc high priests (Orc:2 Snake:3 Elf:3 Vaults:1)
  A deep elf knight (Elf:2)
  5 orc knights (D:15 Snake:3 Shoals:4 Vaults:1)
  9 orc sorcerers (D:14 D:15 Shoals:2 Shoals:4)
  A deep elf zephyrmancer (Elf:1)
  2 mana vipers (Snake:3)
  2 wizards (D:7 Vaults:1)
  A faun (Shoals:2)
  A deep elf pyromancer (Elf:1)
  3 black mambas (Snake:3)
  10 orc warriors (D:9 Lair:5 Orc:2 D:15 Snake:2)
  2 water elementals (Shoals:3 Shoals:4)
  A naga (Snake:3)
  9 orc priests (D:11 Lair:3 Lair:5 Orc:2 D:13)
  15 orc wizards (D:11 Orc:2 D:13 D:14 D:15)
  An iguana (Lair:5)
  35 orcs (D:5 D:9 D:10 D:11 Orc:1)
  A kobold (D:7)
  12 tentacles (Shoals:3)
116 creatures vanquished.

Grand Total: 1374 creatures vanquished

Table legend: (Time is in decaauts)
 A = Elapsed time spent in this place.
 B = Non-inter-level travel time spent in this place.
 C = Inter-level travel time spent in this place.
 D = Time resting spent in this place.
 E = Time spent auto-exploring this place.
 F = Levels seen in this place.
 G = Mean time per level.
                   A        B        C        D        E       F      G
               +--------+--------+--------+--------+--------+-----+--------+
         Total |  55849 |  49795 |   6054 |  14432 |  17276 |  39 | 1432.0 |
       Dungeon |  18253 |  15966 |   2287 |   2770 |   8189 |  15 | 1216.9 |
        Temple |      1 |      1 |      0 |      0 |      0 |   1 |    1.0 |
          Lair |   8224 |   6360 |   1864 |   1260 |   2880 |   5 | 1644.8 |
        Shoals |   8163 |   7908 |    255 |   2987 |   1766 |   4 | 2040.8 |
     Snake Pit |   7939 |   7340 |    599 |   3246 |   1928 |   4 | 1984.8 |
    Slime Pits |      1 |      1 |      0 |      0 |      0 |   1 |    1.0 |
  Orcish Mines |   2638 |   2087 |    551 |    201 |    876 |   2 | 1319.0 |
   Elven Halls |   4994 |   4497 |    497 |   1485 |    960 |   3 | 1664.7 |
        Vaults |   1377 |   1377 |      0 |    511 |    156 |   1 | 1377.0 |
      Ice Cave |   1672 |   1672 |      0 |    668 |    329 |   1 | 1672.0 |
       Volcano |   1315 |   1315 |      0 |    518 |    185 |   1 | 1315.0 |
        Wizlab |   1265 |   1265 |      0 |    783 |      7 |   1 | 1265.0 |
               +--------+--------+--------+--------+--------+-----+--------+

Top non-repeatable levels by time:
Shoals:3: 3317 daAuts
    D:13: 2429 daAuts
 Snake:4: 2355 daAuts
   Elf:3: 2276 daAuts
 Snake:3: 2219 daAuts
Shoals:4: 2197 daAuts
  Lair:1: 2086 daAuts
  Lair:5: 1953 daAuts
  Lair:3: 1889 daAuts
     D:4: 1842 daAuts
   Orc:2: 1777 daAuts
    D:11: 1753 daAuts
 Snake:1: 1693 daAuts
   IceCv: 1672 daAuts
 Snake:2: 1671 daAuts

Table legend:
 A = Non-vault XP
 B = Vault XP
 C = Vault XP percentage of total XP
 D = Non-vault monster count
 E = Vault monster count
 F = Vault count percentage of total count
                 A         B        C        D         E       F
            +---------+---------+-------+---------+---------+-------
      Total |  278116 |  229172 |  45.2 |     745 |     512 |  40.7
            +---------+---------+-------+---------+---------+-------
        D:1 |      23 |       0 |   0.0 |      15 |       0 |   0.0
        D:2 |      24 |     241 |  90.9 |       8 |       8 |  50.0
        D:3 |      37 |      57 |  60.6 |       9 |       8 |  47.1
        D:4 |     646 |      36 |   5.3 |      25 |       1 |   3.8
        D:5 |     925 |     524 |  36.2 |      15 |       5 |  25.0
        D:6 |     898 |     132 |  12.8 |      12 |       9 |  42.9
        D:7 |     604 |     651 |  51.9 |      16 |       1 |   5.9
        D:8 |    1776 |       0 |   0.0 |      18 |       0 |   0.0
        D:9 |    3967 |     588 |  12.9 |      18 |       2 |  10.0
       D:10 |    3284 |    1308 |  28.5 |      15 |       3 |  16.7
       D:11 |    2818 |    1528 |  35.2 |      22 |      12 |  35.3
       D:12 |    3893 |       0 |   0.0 |      10 |       0 |   0.0
       D:13 |    8235 |   27138 |  76.7 |      15 |      64 |  81.0
       D:14 |    6717 |     937 |  12.2 |      12 |       1 |   7.7
       D:15 |   11592 |    7867 |  40.4 |      25 |      24 |  49.0
     Lair:1 |    8047 |       0 |   0.0 |      25 |       0 |   0.0
     Lair:2 |    7459 |      84 |   1.1 |      24 |       1 |   4.0
     Lair:3 |    5587 |    6755 |  54.7 |      27 |      21 |  43.8
     Lair:4 |   10217 |       0 |   0.0 |      35 |       0 |   0.0
     Lair:5 |   10483 |   11736 |  52.8 |      29 |      57 |  66.3
   Shoals:1 |    8196 |       0 |   0.0 |      16 |       0 |   0.0
   Shoals:2 |   16969 |    2175 |  11.4 |      32 |       3 |   8.6
   Shoals:3 |   23919 |    4025 |  14.4 |      49 |       8 |  14.0
   Shoals:4 |    9738 |   18792 |  65.9 |      25 |      31 |  55.4
    Snake:1 |   11208 |    2347 |  17.3 |      22 |       4 |  15.4
    Snake:2 |   24003 |    1257 |   5.0 |      48 |       2 |   4.0
    Snake:3 |   16110 |    9658 |  37.5 |      29 |      15 |  34.1
    Snake:4 |   12091 |   29929 |  71.2 |      26 |      39 |  60.0
      Orc:1 |    3760 |       0 |   0.0 |      10 |       0 |   0.0
      Orc:2 |     148 |    4134 |  96.5 |       5 |      16 |  76.2
      Elf:1 |   12462 |    6496 |  34.3 |      23 |      12 |  34.3
      Elf:2 |   15839 |    3285 |  17.2 |      25 |       4 |  13.8
      Elf:3 |   12105 |   32545 |  72.9 |      21 |      31 |  59.6
   Vaults:1 |   24336 |   14732 |  37.7 |      39 |      20 |  33.9
      IceCv |       0 |   12667 | 100.0 |       0 |      47 | 100.0
    Volcano |       0 |    9821 | 100.0 |       0 |      31 | 100.0
     WizLab |       0 |   17727 | 100.0 |       0 |      32 | 100.0
            +---------+---------+-------+---------+---------+-------
